Workbook
Name Cancela: #REF!,#REF!
Name fdsafs: #REF!,#REF!
Name fdsf: #REF!
Name Ganhos_e_perdas_de_receita: #REF!
Name Ganhos_e_Perdas_de_Receita_99: #REF!
Name Plan: #REF!
Name Planilha: #REF!
Name Planilha_1: #REF!,#REF!
Name Planilha_1ÁreaTotal: #REF!,#REF!
Name Planilha_1ÁreaTotal: #REF!,#REF!
Name Planilha_1ÁreaTotal: 'RREO-Anexo 07'!#REF!,'RREO-Anexo 07'!$H$18:$L$28
Name Planilha_1ÁreaTotal: #REF!,#REF!
Name Planilha_1ÁreaTotal: #REF!,#REF!
Name Planilha_1ÁreaTotal: #REF!,#REF!
Name Planilha_1ÁreaTotal: #REF!,#REF!
Name Planilha_1ÁreaTotal: #REF!,#REF!
Name Planilha_1CabGráfico: #REF!
Name Planilha_1CabGráfico: #REF!
Name Planilha_1CabGráfico: 'RREO-Anexo 07'!#REF!
Name Planilha_1CabGráfico: #REF!
Name Planilha_1CabGráfico: #REF!
Name Planilha_1CabGráfico: #REF!
Name Planilha_1CabGráfico: #REF!
Name Planilha_1CabGráfico: #REF!
Name Planilha_1TítCols: #REF!,#REF!
Name Planilha_1TítCols: #REF!,#REF!
Name Planilha_1TítCols: 'RREO-Anexo 07'!#REF!,'RREO-Anexo 07'!#REF!
Name Planilha_1TítCols: #REF!,#REF!
Name Planilha_1TítCols: #REF!,#REF!
Name Planilha_1TítCols: #REF!,#REF!
Name Planilha_1TítCols: #REF!,#REF!
Name Planilha_1TítCols: #REF!,#REF!
Name Planilha_1TítLins: #REF!
Name Planilha_1TítLins: #REF!
Name Planilha_1TítLins: 'RREO-Anexo 07'!#REF!
Name Planilha_1TítLins: #REF!
Name Planilha_1TítLins: #REF!
Name Planilha_1TítLins: #REF!
Name Planilha_1TítLins: #REF!
Name Planilha_1TítLins: #REF!
Name Planilha_2ÁreaTotal: #REF!,#REF!
Name Planilha_2ÁreaTotal: #REF!,#REF!
Name Planilha_2ÁreaTotal: #REF!,#REF!
Name Planilha_2ÁreaTotal: #REF!,#REF!
Name Planilha_2ÁreaTotal: #REF!,#REF!
Name Planilha_2ÁreaTotal: #REF!,#REF!
Name Planilha_2CabGráfico: #REF!
Name Planilha_2CabGráfico: #REF!
Name Planilha_2CabGráfico: #REF!
Name Planilha_2CabGráfico: #REF!
Name Planilha_2CabGráfico: #REF!
Name Planilha_2TítCols: #REF!,#REF!
Name Planilha_2TítCols: #REF!,#REF!
Name Planilha_2TítCols: #REF!,#REF!
Name Planilha_2TítCols: #REF!,#REF!
Name Planilha_2TítCols: #REF!,#REF!
Name Planilha_2TítCols: #REF!,#REF!
Name Planilha_2TítLins: #REF!
Name Planilha_2TítLins: #REF!
Name Planilha_2TítLins: #REF!

Sheet RREO-Anexo 01
A2: PREFEITURA MUNICIPAL DE INDAIATUBA
A3: Av. Eng. Fabio R. Barnabe, 2800 - Jd. Esplanada II
A4: C.N.P.J. 44.733.608/0001-09
A5: Telefone: (19) 3834-9000
A6: Tabela 1 - Balanço Orçamentário
A8: PREFEITURA MUNICIPAL DE INDAIATUBA
A9: RELATÓRIO RESUMIDO DA EXECUÇÃO ORÇAMENTÁRIA
A10: BALANÇO ORÇAMENTÁRIO
A11: ORÇAMENTOS FISCAL E DA SEGURIDADE SOCIAL
A12: Período: 3º Bimestre | B12: =IF(IFERROR(SEARCH("SEMESTRE",A12,1),0)>0,"Semestre",IF(IFERROR(SEARCH("QUADRIMESTRE",A12,1),0)>0,"Quadrimestre",IF(IFERROR(SEARCH("TRIMESTRE",A12,1),0)>0,"Trimestre",IF(IFERROR(SEARCH("BIMESTRE",A12,1),0)>0,"Bimestre","Mês")))) -> Bimestre
A17: RREO - Anexo 1 (LRF, Art. 52, inciso I, alíneas "a" e "b" do inciso II e §1º) | H17: Em Reais
B18: PREVISÃO INICIAL | C18: PREVISÃO ATUALIZADA | D18: RECEITAS REALIZADAS | H18: SALDO
A19: RECEITAS | C19: ATUALIZADA | D19: =CONCATENATE("No ", B12) -> No Bimestre | E19: % | F19: =CONCATENATE("Até o ", B12) -> Até o Bimestre | G19: %
C20: (a) | D20: (b) | E20: (b/a) | F20: (c) | G20: (c/a) | H20: (a-c)
A21: RECEITAS (EXCETO INTRA-ORÇAMENTÁRIAS) (I) | B21: =B22+B62 -> 2536352000 | C21: =C22+C62 -> 2.5678566e+09 | D21: =D22+D62 -> 4.5436513e+08 | E21: =IF(C21>0,D21/C21,0)*100 -> 17.694334 | F21: =F22+F62 -> 1.3937223e+09 | G21: =IF(C21>0,F21/C21,0)*100 -> 54.275707 | H21: =C21-F21 -> 1.1741343e+09
A22: RECEITAS CORRENTES | B22: =B23+B27+B32+B40+B41+B42+B48+B56 -> 2497790000 | C22: =C23+C27+C32+C40+C41+C42+C48+C56 -> 2.5124847e+09 | D22: =D23+D27+D32+D40+D41+D42+D48+D56 -> 4.5306506e+08 | E22: =IF(C22>0,D22/C22,0)*100 -> 18.03255 | F22: =F23+F27+F32+F40+F41+F42+F48+F56 -> 1.3859901e+09 | G22: =IF(C22>0,F22/C22,0)*100 -> 55.16412 | H22: =C22-F22 -> 1.1264946e+09
A23: IMPOSTOS, TAXAS E CONTRIBUIÇÕES DE MELHORIA | B23: =SUM(B24:B26) -> 826374000 | C23: =SUM(C24:C26) -> 826374000 | D23: =SUM(D24:D26) -> 1.4252904e+08 | E23: =IF(C23>0,D23/C23,0)*100 -> 17.247523 | F23: =SUM(F24:F26) -> 4.4543357e+08 | G23: =IF(C23>0,F23/C23,0)*100 -> 53.902177 | H23: =C23-F23 -> 3.8094043e+08
A24: Impostos | B24: 746494000 | C24: 746494000 | D24: 1.2979549e+08 | E24: =IF(C24>0,D24/C24,0)*100 -> 17.387345 | F24: 3.9559894e+08 | G24: =IF(C24>0,F24/C24,0)*100 -> 52.994255 | H24: =C24-F24 -> 3.5089506e+08
A25: Taxas | B25: 79539000 | C25: 79539000 | D25: 12499059 | E25: =IF(C25>0,D25/C25,0)*100 -> 15.714378 | F25: 49416562 | G25: =IF(C25>0,F25/C25,0)*100 -> 62.128719 | H25: =C25-F25 -> 30122438
A26: Contribuição de Melhoria | B26: 341000 | C26: 341000 | D26: 234497.37 | E26: =IF(C26>0,D26/C26,0)*100 -> 68.767557 | F26: 418075.99 | G26: =IF(C26>0,F26/C26,0)*100 -> 122.60293 | H26: =C26-F26 -> -77075.99
A27: CONTRIBUIÇÕES | B27: =SUM(B28:B31) -> 123829000 | C27: =SUM(C28:C31) -> 123829000 | D27: =SUM(D28:D31) -> 22146130 | E27: =IF(C27>0,D27/C27,0)*100 -> 17.884446 | F27: =SUM(F28:F31) -> 67877922 | G27: =IF(C27>0,F27/C27,0)*100 -> 54.815852 | H27: =C27-F27 -> 55951078
A28: Contribuições Sociais | B28: 82829000 | C28: 82829000 | D28: 15450644 | E28: =IF(C28>0,D28/C28,0)*100 -> 18.653665 | F28: 47402636 | G28: =IF(C28>0,F28/C28,0)*100 -> 57.229517 | H28: =C28-F28 -> 35426364
A29: Contribuições Econômicas | E29: =IF(C29>0,D29/C29,0)*100 -> 0 | G29: =IF(C29>0,F29/C29,0)*100 -> 0 | H29: =C29-F29 -> 0
A30: Contribuições para Entidades Privadas de Serviço Social └ e de Formação Profissional | E30: =IF(C30>0,D30/C30,0)*100 -> 0 | G30: =IF(C30>0,F30/C30,0)*100 -> 0 | H30: =C30-F30 -> 0
A31: Contribuição para o Custeio do Serviço de Iluminação └ Pública | B31: 41000000 | C31: 41000000 | D31: 6695486.2 | E31: =IF(C31>0,D31/C31,0)*100 -> 16.330454 | F31: 20475285 | G31: =IF(C31>0,F31/C31,0)*100 -> 49.93972 | H31: =C31-F31 -> 20524715
A32: RECEITA PATRIMONIAL | B32: =SUM(B33:B39) -> 195454000 | C32: =SUM(C33:C39) -> 2.0405811e+08 | D32: =SUM(D33:D39) -> 56520682 | E32: =IF(C32>0,D32/C32,0)*100 -> 27.698327 | F32: =SUM(F33:F39) -> 1.480913e+08 | G32: =IF(C32>0,F32/C32,0)*100 -> 72.573102 | H32: =C32-F32 -> 55966810
A33: Exploração do Patrimônio Imobiliário do Estado | B33: 885000 | C33: 885000 | D33: 115162.47 | E33: =IF(C33>0,D33/C33,0)*100 -> 13.012708 | F33: 681921.43 | G33: =IF(C33>0,F33/C33,0)*100 -> 77.053269 | H33: =C33-F33 -> 203078.57
A34: Valores Mobiliários | B34: 193989000 | C34: 2.0259311e+08 | D34: 56294334 | E34: =IF(C34>0,D34/C34,0)*100 -> 27.786895 | F34: 1.4708738e+08 | G34: =IF(C34>0,F34/C34,0)*100 -> 72.602359 | H34: =C34-F34 -> 55505732
A35: Delegação de Serviços Públicos Mediante Concessão, └ Permissão, Autorização ou Licença | B35: 580000 | C35: 580000 | D35: 111186.13 | E35: =IF(C35>0,D35/C35,0)*100 -> 19.170022 | F35: 322001.02 | G35: =IF(C35>0,F35/C35,0)*100 -> 55.517417 | H35: =C35-F35 -> 257998.98
A36: Exploração de Recursos Naturais | E36: =IF(C36>0,D36/C36,0)*100 -> 0 | G36: =IF(C36>0,F36/C36,0)*100 -> 0 | H36: =C36-F36 -> 0
A37: Exploração do Patrimônio Intangível | E37: =IF(C37>0,D37/C37,0)*100 -> 0 | G37: =IF(C37>0,F37/C37,0)*100 -> 0 | H37: =C37-F37 -> 0
A38: Cessão de Direitos | E38: =IF(C38>0,D38/C38,0)*100 -> 0 | G38: =IF(C38>0,F38/C38,0)*100 -> 0 | H38: =C38-F38 -> 0
A39: Demais Receitas Patrimoniais | E39: =IF(C39>0,D39/C39,0)*100 -> 0 | G39: =IF(C39>0,F39/C39,0)*100 -> 0 | H39: =C39-F39 -> 0
A40: RECEITA AGROPECUÁRIA | E40: =IF(C40>0,D40/C40,0)*100 -> 0 | G40: =IF(C40>0,F40/C40,0)*100 -> 0 | H40: =C40-F40 -> 0
A41: RECEITA INDUSTRIAL | E41: =IF(C41>0,D41/C41,0)*100 -> 0 | G41: =IF(C41>0,F41/C41,0)*100 -> 0 | H41: =C41-F41 -> 0
A42: RECEITA DE SERVIÇOS | B42: =SUM(B43:B47) -> 257347000 | C42: =SUM(C43:C47) -> 257347000 | D42: =SUM(D43:D47) -> 36476291 | E42: =IF(C42>0,D42/C42,0)*100 -> 14.173972 | F42: =SUM(F43:F47) -> 1.1749401e+08 | G42: =IF(C42>0,F42/C42,0)*100 -> 45.65587 | H42: =C42-F42 -> 1.3985299e+08
A43: Serviços Administrativos e Comerciais Gerais | B43: 16256600 | C43: 16256600 | D43: 50894.91 | E43: =IF(C43>0,D43/C43,0)*100 -> 0.31307229 | F43: 11051527 | G43: =IF(C43>0,F43/C43,0)*100 -> 67.981784 | H43: =C43-F43 -> 5205073.3
A44: Serviços e Atividades Referentes à Navegação e ao └ Transporte | B44: 600900 | C44: 600900 | D44: 49461.5 | E44: =IF(C44>0,D44/C44,0)*100 -> 8.2312365 | F44: 234717.66 | G44: =IF(C44>0,F44/C44,0)*100 -> 39.061018 | H44: =C44-F44 -> 366182.34
A45: Serviços e Atividades referentes à Saúde | E45: =IF(C45>0,D45/C45,0)*100 -> 0 | G45: =IF(C45>0,F45/C45,0)*100 -> 0 | H45: =C45-F45 -> 0
A46: Serviços e Atividades Financeiras | E46: =IF(C46>0,D46/C46,0)*100 -> 0 | G46: =IF(C46>0,F46/C46,0)*100 -> 0 | H46: =C46-F46 -> 0
A47: Outros Serviços | B47: 240489500 | C47: 240489500 | D47: 36375935 | E47: =IF(C47>0,D47/C47,0)*100 -> 15.125789 | F47: 1.0620777e+08 | G47: =IF(C47>0,F47/C47,0)*100 -> 44.163161 | H47: =C47-F47 -> 1.3428173e+08
A48: TRANSFERÊNCIAS CORRENTES | B48: =SUM(B49:B55) -> 1046170000 | C48: =SUM(C49:C55) -> 1.0522606e+09 | D48: =SUM(D49:D55) -> 1.8400368e+08 | E48: =IF(C48>0,D48/C48,0)*100 -> 17.486513 | F48: =SUM(F49:F55) -> 5.7577493e+08 | G48: =IF(C48>0,F48/C48,0)*100 -> 54.717903 | H48: =C48-F48 -> 4.7648566e+08
A49: Transferências da União e de suas Entidades | B49: 259066700 | C49: 2.6288061e+08 | D49: 51587507 | E49: =IF(C49>0,D49/C49,0)*100 -> 19.62393 | F49: 1.3313826e+08 | G49: =IF(C49>0,F49/C49,0)*100 -> 50.645901 | H49: =C49-F49 -> 1.2974236e+08
A50: Transferências dos Estados e do Distrito Federal e de └ suas Entidades | B50: 555104300 | C50: 556380980 | D50: 94373892 | E50: =IF(C50>0,D50/C50,0)*100 -> 16.962099 | F50: 3.2627079e+08 | G50: =IF(C50>0,F50/C50,0)*100 -> 58.641614 | H50: =C50-F50 -> 2.3011019e+08
A51: Transferências dos Municípios e de suas Entidades | E51: =IF(C51>0,D51/C51,0)*100 -> 0 | G51: =IF(C51>0,F51/C51,0)*100 -> 0 | H51: =C51-F51 -> 0
A52: Transferências de Instituições Privadas | B52: 3801000 | C52: 3801000 | D52: 321852.6 | E52: =IF(C52>0,D52/C52,0)*100 -> 8.467577 | F52: 628634.55 | G52: =IF(C52>0,F52/C52,0)*100 -> 16.538662 | H52: =C52-F52 -> 3172365.5
A53: Transferências de Outras Instituições Públicas | B53: 228088000 | C53: 229088000 | D53: 37696840 | E53: =IF(C53>0,D53/C53,0)*100 -> 16.455179 | F53: 1.1567132e+08 | G53: =IF(C53>0,F53/C53,0)*100 -> 50.492089 | H53: =C53-F53 -> 1.1341668e+08
A54: Transferências do Exterior | E54: =IF(C54>0,D54/C54,0)*100 -> 0 | G54: =IF(C54>0,F54/C54,0)*100 -> 0 | H54: =C54-F54 -> 0
A55: Outras Transferências | B55: 110000 | C55: 110000 | D55: 23590.45 | E55: =IF(C55>0,D55/C55,0)*100 -> 21.445864 | F55: 65941.33 | G55: =IF(C55>0,F55/C55,0)*100 -> 59.946664 | H55: =C55-F55 -> 44058.67
A56: OUTRAS RECEITAS CORRENTES | B56: =SUM(B57:B61) -> 48616000 | C56: =SUM(C57:C61) -> 48616000 | D56: =SUM(D57:D61) -> 11389235 | E56: =IF(C56>0,D56/C56,0)*100 -> 23.426928 | F56: =SUM(F57:F61) -> 31318348 | G56: =IF(C56>0,F56/C56,0)*100 -> 64.419837 | H56: =C56-F56 -> 17297652
A57: Multas Administrativas, Contratuais e Judiciais | B57: 22422800 | C57: 22422800 | D57: 3121721.7 | E57: =IF(C57>0,D57/C57,0)*100 -> 13.922087 | F57: 9637022.1 | G57: =IF(C57>0,F57/C57,0)*100 -> 42.978674 | H57: =C57-F57 -> 12785778
A58: Indenizações, Restituições e Ressarcimentos | B58: 7847500 | C58: 7847500 | D58: 2615832.9 | E58: =IF(C58>0,D58/C58,0)*100 -> 33.333328 | F58: 8290154.1 | G58: =IF(C58>0,F58/C58,0)*100 -> 105.6407 | H58: =C58-F58 -> -442654.08
A59: Bens, Direitos e Valores Incorporados ao Patrimônio └ Público | E59: =IF(C59>0,D59/C59,0)*100 -> 0 | G59: =IF(C59>0,F59/C59,0)*100 -> 0 | H59: =C59-F59 -> 0
A60: Multa e Juros de Mora das Receitas de Capital | B60: 10000 | C60: 10000 | D60: 5231.29 | E60: =IF(C60>0,D60/C60,0)*100 -> 52.3129 | F60: 18960.25 | G60: =IF(C60>0,F60/C60,0)*100 -> 189.6025 | H60: =C60-F60 -> -8960.25
A61: Demais Receitas Correntes | B61: 18335700 | C61: 18335700 | D61: 5646449.3 | E61: =IF(C61>0,D61/C61,0)*100 -> 30.794839 | F61: 13372212 | G61: =IF(C61>0,F61/C61,0)*100 -> 72.929922 | H61: =C61-F61 -> 4963488.2
A62: RECEITAS DE CAPITAL | B62: =B63+B66+B71+B79 -> 38562000 | C62: =C63+C66+C71+C79 -> 55371938 | D62: =D63+D66+D71+D79 -> 1300064.3 | E62: =IF(C62>0,D62/C62,0)*100 -> 2.3478757 | F62: =F63+F66+F71+F79 -> 7732258.7 | G62: =IF(C62>0,F62/C62,0)*100 -> 13.964219 | H62: =C62-F62 -> 47639679
A63: OPERAÇÕES DE CRÉDITO | B63: =SUM(B64:B65) -> 31095000 | C63: =SUM(C64:C65) -> 45395000 | D63: =SUM(D64:D65) -> 0 | E63: =IF(C63>0,D63/C63,0)*100 -> 0 | F63: =SUM(F64:F65) -> 0 | G63: =IF(C63>0,F63/C63,0)*100 -> 0 | H63: =C63-F63 -> 45395000
A64: Operações de Crédito - Mercado Interno | E64: =IF(C64>0,D64/C64,0)*100 -> 0 | G64: =IF(C64>0,F64/C64,0)*100 -> 0 | H64: =C64-F64 -> 0
A65: Operações de Crédito - Mercado Externo | B65: 31095000 | C65: 45395000 | D65: 0 | E65: =IF(C65>0,D65/C65,0)*100 -> 0 | F65: 0 | G65: =IF(C65>0,F65/C65,0)*100 -> 0 | H65: =C65-F65 -> 45395000
A66: ALIENAÇÃO DE BENS | B66: =SUM(B67:B70) -> 2725000 | C66: =SUM(C67:C70) -> 2725000 | D66: =SUM(D67:D70) -> 439381.97 | E66: =IF(C66>0,D66/C66,0)*100 -> 16.124109 | F66: =SUM(F67:F70) -> 1545270.5 | G66: =IF(C66>0,F66/C66,0)*100 -> 56.707175 | H66: =C66-F66 -> 1179729.5
A67: Alienação de Bens Móveis | B67: 10000 | C67: 10000 | D67: 0 | E67: =IF(C67>0,D67/C67,0)*100 -> 0 | F67: 0 | G67: =IF(C67>0,F67/C67,0)*100 -> 0 | H67: =C67-F67 -> 10000
A68: Alienação de Bens Imóveis | B68: 2715000 | C68: 2715000 | D68: 439381.97 | E68: =IF(C68>0,D68/C68,0)*100 -> 16.183498 | F68: 1545270.5 | G68: =IF(C68>0,F68/C68,0)*100 -> 56.916041 | H68: =C68-F68 -> 1169729.5
A69: Alienação de Bens Intangíveis | E69: =IF(C69>0,D69/C69,0)*100 -> 0 | G69: =IF(C69>0,F69/C69,0)*100 -> 0 | H69: =C69-F69 -> 0
A70: AMORTIZAÇÕES DE EMPRÉSTIMOS | E70: =IF(C70>0,D70/C70,0)*100 -> 0 | G70: =IF(C70>0,F70/C70,0)*100 -> 0 | H70: =C70-F70 -> 0
A71: TRANSFERÊNCIAS DE CAPITAL | B71: =SUM(B72:B78) -> 4742000 | C71: =SUM(C72:C78) -> 7251938.1 | D71: =SUM(D72:D78) -> 860682.33 | E71: =IF(C71>0,D71/C71,0)*100 -> 11.868308 | F71: =SUM(F72:F78) -> 6186988.2 | G71: =IF(C71>0,F71/C71,0)*100 -> 85.314961 | H71: =C71-F71 -> 1064950
A72: Transferências da União e de suas Entidades | B72: 0 | C72: 1056682.3 | D72: 860682.33 | E72: =IF(C72>0,D72/C72,0)*100 -> 81.451379 | F72: 860682.33 | G72: =IF(C72>0,F72/C72,0)*100 -> 81.451379 | H72: =C72-F72 -> 196000
A73: Transferências dos Estados e do Distrito Federal e de └ suas Entidades | B73: 3042000 | C73: 3295255.8 | D73: 0 | E73: =IF(C73>0,D73/C73,0)*100 -> 0 | F73: 5326305.8 | G73: =IF(C73>0,F73/C73,0)*100 -> 161.63558 | H73: =C73-F73 -> -2031050
A74: Transferências dos Municípios e de suas Entidades | E74: =IF(C74>0,D74/C74,0)*100 -> 0 | G74: =IF(C74>0,F74/C74,0)*100 -> 0 | H74: =C74-F74 -> 0
A75: Transferências de Instituições Privadas | B75: 1700000 | C75: 1700000 | D75: 0 | E75: =IF(C75>0,D75/C75,0)*100 -> 0 | F75: 0 | G75: =IF(C75>0,F75/C75,0)*100 -> 0 | H75: =C75-F75 -> 1700000
A76: Transferências de Outras Instituições Públicas | B76: 0 | C76: 1200000 | D76: 0 | E76: =IF(C76>0,D76/C76,0)*100 -> 0 | F76: 0 | G76: =IF(C76>0,F76/C76,0)*100 -> 0 | H76: =C76-F76 -> 1200000
A77: Transferências do Exterior | E77: =IF(C77>0,D77/C77,0)*100 -> 0 | G77: =IF(C77>0,F77/C77,0)*100 -> 0 | H77: =C77-F77 -> 0
A78: Demais Transferências de Capital | E78: =IF(C78>0,D78/C78,0)*100 -> 0 | G78: =IF(C78>0,F78/C78,0)*100 -> 0 | H78: =C78-F78 -> 0
A79: OUTRAS RECEITAS DE CAPITAL | B79: =SUM(B80:B83) -> 0 | C79: =SUM(C80:C83) -> 0 | D79: =SUM(D80:D83) -> 0 | E79: =IF(C79>0,D79/C79,0)*100 -> 0 | F79: =SUM(F80:F83) -> 0 | G79: =IF(C79>0,F79/C79,0)*100 -> 0 | H79: =C79-F79 -> 0
A80: Integralização do Capital Social | E80: =IF(C80>0,D80/C80,0)*100 -> 0 | G80: =IF(C80>0,F80/C80,0)*100 -> 0 | H80: =C80-F80 -> 0
A81: Remuneração das Disponibilidades do Tesouro | E81: =IF(C81>0,D81/C81,0)*100 -> 0 | G81: =IF(C81>0,F81/C81,0)*100 -> 0 | H81: =C81-F81 -> 0
A82: Resgate de Títulos do Tesouro | E82: =IF(C82>0,D82/C82,0)*100 -> 0 | G82: =IF(C82>0,F82/C82,0)*100 -> 0 | H82: =C82-F82 -> 0
A83: Demais Receitas de Capital | E83: =IF(C83>0,D83/C83,0)*100 -> 0 | G83: =IF(C83>0,F83/C83,0)*100 -> 0 | H83: =C83-F83 -> 0
A84: RECEITAS (INTRA-ORÇAMENTÁRIAS) (II) | B84: =B136 -> 178648000 | C84: =C136 -> 178648000 | D84: =D136 -> 33481265 | E84: =IF(C84>0,D84/C84,0)*100 -> 18.741472 | F84: =F136 -> 1.0248615e+08 | G84: =IF(C84>0,F84/C84,0)*100 -> 57.367646 | H84: =C84-F84 -> 76161848
A85: SUBTOTAL DAS RECEITAS (III) = (I + II) | B85: =B84+B21 -> 2715000000 | C85: =C84+C21 -> 2.7465046e+09 | D85: =D84+D21 -> 4.8784639e+08 | E85: =IF(C85>0,D85/C85,0)*100 -> 17.762446 | F85: =F84+F21 -> 1.4962085e+09 | G85: =IF(C85>0,F85/C85,0)*100 -> 54.476824 | H85: =C85-F85 -> 1.2502961e+09
A86: OPERAÇÕES DE CRÉDITO / REFINANCIAMENTO (IV) | B86: =B87+B90 -> 0 | C86: =C87+C90 -> 0 | D86: =D87+D90 -> 0 | E86: =IF(C86>0,D86/C86,0)*100 -> 0 | F86: =F87+F90 -> 0 | G86: =IF(C86>0,F86/C86,0)*100 -> 0 | H86: =C86-F86 -> 0
A87: Operações de Crédito Internas | B87: =SUM(B88:B89) -> 0 | C87: =SUM(C88:C89) -> 0 | D87: =SUM(D88:D89) -> 0 | E87: =IF(C87>0,D87/C87,0)*100 -> 0 | F87: =SUM(F88:F89) -> 0 | G87: =IF(C87>0,F87/C87,0)*100 -> 0 | H87: =C87-F87 -> 0
A88: Mobiliária | E88: =IF(C88>0,D88/C88,0)*100 -> 0 | G88: =IF(C88>0,F88/C88,0)*100 -> 0 | H88: =C88-F88 -> 0
A89: Contratual | E89: =IF(C89>0,D89/C89,0)*100 -> 0 | G89: =IF(C89>0,F89/C89,0)*100 -> 0 | H89: =C89-F89 -> 0
A90: Operações de Crédito Externas | B90: =SUM(B91:B92) -> 0 | C90: =SUM(C91:C92) -> 0 | D90: =SUM(D91:D92) -> 0 | E90: =IF(C90>0,D90/C90,0)*100 -> 0 | F90: =SUM(F91:F92) -> 0 | G90: =IF(C90>0,F90/C90,0)*100 -> 0 | H90: =C90-F90 -> 0
A91: Mobiliária | E91: =IF(C91>0,D91/C91,0)*100 -> 0 | G91: =IF(C91>0,F91/C91,0)*100 -> 0 | H91: =C91-F91 -> 0
A92: Contratual | E92: =IF(C92>0,D92/C92,0)*100 -> 0 | G92: =IF(C92>0,F92/C92,0)*100 -> 0 | H92: =C92-F92 -> 0
A93: TOTAL DAS RECEITAS (V) = (III + IV) | B93: =B85+B86 -> 2715000000 | C93: =C85+C86 -> 2.7465046e+09 | D93: =D85+D86 -> 4.8784639e+08 | E93: =IF(C93>0,D93/C93,0)*100 -> 17.762446 | F93: =F85+F86 -> 1.4962085e+09 | G93: =IF(C93>0,F93/C93,0)*100 -> 54.476824 | H93: =C93-F93 -> 1.2502961e+09
A94: DÉFICIT (VI) | F94: =IF(A12="Período: 6º Bimestre",IF(F93<E124,E124-F93,0),IF(F93<H124,H124-F93,0)) -> 0
A95: TOTAL COM DÉFICIT (VII) = (V + VI) | B95: =B94+B93 -> 2715000000 | C95: =C94+C93 -> 2.7465046e+09 | D95: =D94+D93 -> 4.8784639e+08 | E95: =IF(C95>0,D95/C95,0)*100 -> 17.762446 | F95: =F94+F93 -> 1.4962085e+09 | G95: =IF(C95>0,F95/C95,0)*100 -> 54.476824
A96: SALDOS DE EXERCÍCIOS ANTERIORES | B96: =SUM(B97:B98) -> 0 | C96: =SUM(C97:C98) -> 3.4330225e+08 | F96: =SUM(F97:F98) -> 3.4330225e+08
A97: Recursos Arrecadados em Exercícios Anteriores - RPPS
A98: Superávit Financeiro Utilizado para Créditos Adicionais | C98: 3.4330225e+08 | F98: 3.4330225e+08
B102: DOTAÇÃO | C102: DOTAÇÃO | D102: DESPESAS EMPENHADAS | F102: SALDO | G102: DESPESAS LIQUIDADAS | I102: SALDO | J102: DESPESAS PAGAS | K102: INSCRITAS EM RESTOS A PAGAR NÃO PROCESSADOS (k)
A103: DESPESAS | B103: INICIAL | C103: ATUALIZADA | D103: =CONCATENATE("No ", B12) -> No Bimestre | E103: =F19 -> Até o Bimestre | G103: =CONCATENATE("No ", B12) -> No Bimestre | H103: =F19 -> Até o Bimestre
B104: (d) | C104: (e) | E104: (f) | F104: (g) = (e-f) | H104: (h) | I104: (i) = (e-h) | J104: (j)
A105: DESPESAS (EXCETO INTRA-ORÇAMENTÁRIAS) (VIII) | B105: =B106+B110+B114 -> 2470476000 | C105: =C106+C110+C114 -> 2.8001813e+09 | D105: =D106+D110+D114 -> 3.4999861e+08 | E105: =E106+E110+E114 -> 1.6713646e+09 | F105: =C105-E105 -> 1.1288167e+09 | G105: =G106+G110+G114 -> 4.3792614e+08 | H105: =H106+H110+H114 -> 1.1260583e+09 | I105: =C105-H105 -> 1.674123e+09 | J105: =J106+J110+J114 -> 9.7336147e+08 | K105: =K106+K110+K114 -> 0
A106: DESPESAS CORRENTES | B106: =SUM(B107:B109) -> 2261631000 | C106: =SUM(C107:C109) -> 2.4557619e+09 | D106: =SUM(D107:D109) -> 3.2169911e+08 | E106: =SUM(E107:E109) -> 1.5544178e+09 | F106: =C106-E106 -> 9.0134411e+08 | G106: =SUM(G107:G109) -> 4.1600135e+08 | H106: =SUM(H107:H109) -> 1.0882482e+09 | I106: =C106-H106 -> 1.3675137e+09 | J106: =SUM(J107:J109) -> 9.4091381e+08 | K106: =SUM(K107:K109) -> 0
A107: PESSOAL E ENCARGOS SOCIAIS | B107: 917955000 | C107: 9.5479802e+08 | D107: 1.8329526e+08 | E107: 4.7640968e+08 | F107: =C107-E107 -> 4.7838835e+08 | G107: 1.832047e+08 | H107: 4.7629778e+08 | I107: =C107-H107 -> 4.7850024e+08 | J107: 3.7722626e+08
A108: JUROS E ENCARGOS DA DÍVIDA | B108: 7000000 | C108: 7000000 | D108: 342060.9 | E108: 2517418.7 | F108: =C108-E108 -> 4482581.3 | G108: 342060.9 | H108: 2517418.7 | I108: =C108-H108 -> 4482581.3 | J108: 2517418.7
A109: OUTRAS DESPESAS CORRENTES | B109: 1336676000 | C109: 1.4939639e+09 | D109: 1.3806179e+08 | E109: 1.0754907e+09 | F109: =C109-E109 -> 4.1847319e+08 | G109: 2.3245459e+08 | H109: 6.0943303e+08 | I109: =C109-H109 -> 8.8453083e+08 | J109: 5.6117014e+08
...

Sheet RREO-Anexo 02
A2: PREFEITURA MUNICIPAL DE INDAIATUBA
A3: Av. Eng. Fabio R. Barnabe, 2800 - Jd. Esplanada II
A4: C.N.P.J. 44.733.608/0001-09
A5: Telefone: (19) 3834-9000
A6: Tabela 2 - Demonstrativo da Execução das Despesas por Função/Subfunção
A8: PREFEITURA MUNICIPAL DE INDAIATUBA
A9: RELATÓRIO RESUMIDO DA EXECUÇÃO ORÇAMENTÁRIA
A10: DEMONSTRATIVO DA EXECUÇÃO DAS DESPESAS POR FUNÇÃO/SUBFUNÇÃO
A11: ORÇAMENTOS FISCAL E DA SEGURIDADE SOCIAL
A12: Período: 3º Bimestre | B12: =IF(IFERROR(SEARCH("SEMESTRE",A12,1),0)>0,"Semestre",IF(IFERROR(SEARCH("QUADRIMESTRE",A12,1),0)>0,"Quadrimestre",IF(IFERROR(SEARCH("TRIMESTRE",A12,1),0)>0,"Trimestre",IF(IFERROR(SEARCH("BIMESTRE",A12,1),0)>0,"Bimestre","Mês")))) -> Bimestre
A15: RREO - Anexo 2 (LRF, Art. 52, inciso II, alínea "c") | L15: Em Reais
B16: DOTAÇÃO | C16: DOTAÇÃO | D16: DESPESAS EMPENHADAS | G16: SALDO | H16: DESPESAS LIQUIDADAS | K16: SALDO | L16: INSCRITAS EM RESTOS A PAGAR NÃO PROCESSADOS (f)
A17: FUNÇÃO/SUBFUNÇÃO | B17: INICIAL | C17: ATUALIZADA | D17: =CONCATENATE("No ", B12) -> No Bimestre | E17: =CONCATENATE("Até o ", B12) -> Até o Bimestre | F17: % | H17: =CONCATENATE("No ", B12) -> No Bimestre | I17: =CONCATENATE("Até o ", B12) -> Até o Bimestre | J17: %
C18: (a) | E18: (b) | F18: (b/total b) | G18: (c) = (a-b) | I18: (d) | J18: (d/total d) | K18: (e) = (a-d)
A19: DESPESAS (EXCETO INTRA-ORÇAMENTÁRIAS) (I) | B19: =B20+B25+B30+B35+B48+B54+B60+B65+B74+B81+B90+B97+B108+B113+B119+B125+B130+B135+B143+B149+B157+B162+B170+B178+B183+B190+B198+B204+B213 -> 2544778000 | C19: =C20+C25+C30+C35+C48+C54+C60+C65+C74+C81+C90+C97+C108+C113+C119+C125+C130+C135+C143+C149+C157+C162+C170+C178+C183+C190+C198+C204+C213 -> 2.8744833e+09 | D19: =D20+D25+D30+D35+D48+D54+D60+D65+D74+D81+D90+D97+D108+D113+D119+D125+D130+D135+D143+D149+D157+D162+D170+D178+D183+D190+D198+D204+D213 -> 3.4999861e+08 | E19: =E20+E25+E30+E35+E48+E54+E60+E65+E74+E81+E90+E97+E108+E113+E119+E125+E130+E135+E143+E149+E157+E162+E170+E178+E183+E190+E198+E204+E213 -> 1.6713646e+09 | F19: =IF($E$215>0,E19/$E$215,0)*100 -> 94.430453 | G19: =G20+G25+G30+G35+G48+G54+G60+G65+G74+G81+G90+G97+G108+G113+G119+G125+G130+G135+G143+G149+G157+G162+G170+G178+G183+G190+G198+G204+G213 -> 1.2031187e+09 | H19: =H20+H25+H30+H35+H48+H54+H60+H65+H74+H81+H90+H97+H108+H113+H119+H125+H130+H135+H143+H149+H157+H162+H170+H178+H183+H190+H198+H204+H213 -> 4.3792614e+08 | I19: =I20+I25+I30+I35+I48+I54+I60+I65+I74+I81+I90+I97+I108+I113+I119+I125+I130+I135+I143+I149+I157+I162+I170+I178+I183+I190+I198+I204+I213 -> 1.1260583e+09 | J19: =IF($I$215>0,I19/$I$215,0)*100 -> 92.406909 | K19: =K20+K25+K30+K35+K48+K54+K60+K65+K74+K81+K90+K97+K108+K113+K119+K125+K130+K135+K143+K149+K157+K162+K170+K178+K183+K190+K198+K204+K213 -> 1.748425e+09 | L19: =L20+L25+L30+L35+L48+L54+L60+L65+L74+L81+L90+L97+L108+L113+L119+L125+L130+L135+L143+L149+L157+L162+L170+L178+L183+L190+L198+L204+L213 -> 0
A20: LEGISLATIVA | B20: =SUM(B21:B24) -> 30038000 | C20: =SUM(C21:C24) -> 29963000 | D20: =SUM(D21:D24) -> 4513977.3 | E20: =SUM(E21:E24) -> 14056004 | F20: =IF($E$215>0,E20/$E$215,0)*100 -> 0.79415038 | G20: =SUM(G21:G24) -> 15906996 | H20: =SUM(H21:H24) -> 3745333.6 | I20: =SUM(I21:I24) -> 12131607 | J20: =IF($I$215>0,I20/$I$215,0)*100 -> 0.99554727 | K20: =SUM(K21:K24) -> 17831393 | L20: =SUM(L21:L24) -> 0
A21: Ação Legislativa | B21: 30038000 | C21: 29963000 | D21: 4513977.3 | E21: 14056004 | F21: =IF($E$215>0,E21/$E$215,0)*100 -> 0.79415038 | G21: =C21-E21 -> 15906996 | H21: 3745333.6 | I21: 12131607 | J21: =IF($I$215>0,I21/$I$215,0)*100 -> 0.99554727 | K21: =C21-I21 -> 17831393
A22: Controle Externo | F22: =IF($E$215>0,E22/$E$215,0)*100 -> 0 | G22: =C22-E22 -> 0 | J22: =IF($I$215>0,I22/$I$215,0)*100 -> 0 | K22: =C22-I22 -> 0
A23: Administração Geral | F23: =IF($E$215>0,E23/$E$215,0)*100 -> 0 | G23: =C23-E23 -> 0 | J23: =IF($I$215>0,I23/$I$215,0)*100 -> 0 | K23: =C23-I23 -> 0
A24: Demais Subfunções | F24: =IF($E$215>0,E24/$E$215,0)*100 -> 0 | G24: =C24-E24 -> 0 | J24: =IF($I$215>0,I24/$I$215,0)*100 -> 0 | K24: =C24-I24 -> 0
A25: JUDICIÁRIA | B25: =SUM(B26:B29) -> 0 | C25: =SUM(C26:C29) -> 0 | D25: =SUM(D26:D29) -> 0 | E25: =SUM(E26:E29) -> 0 | F25: =IF($E$215>0,E25/$E$215,0)*100 -> 0 | G25: =SUM(G26:G29) -> 0 | H25: =SUM(H26:H29) -> 0 | I25: =SUM(I26:I29) -> 0 | J25: =IF($I$215>0,I25/$I$215,0)*100 -> 0 | K25: =SUM(K26:K29) -> 0 | L25: =SUM(L26:L29) -> 0
A26: Ação Judiciária | F26: =IF($E$215>0,E26/$E$215,0)*100 -> 0 | G26: =C26-E26 -> 0 | J26: =IF($I$215>0,I26/$I$215,0)*100 -> 0 | K26: =C26-I26 -> 0
A27: Defesa do Interesse Público no Processo Judiciário | F27: =IF($E$215>0,E27/$E$215,0)*100 -> 0 | G27: =C27-E27 -> 0 | J27: =IF($I$215>0,I27/$I$215,0)*100 -> 0 | K27: =C27-I27 -> 0
A28: Administração Geral | F28: =IF($E$215>0,E28/$E$215,0)*100 -> 0 | G28: =C28-E28 -> 0 | J28: =IF($I$215>0,I28/$I$215,0)*100 -> 0 | K28: =C28-I28 -> 0
A29: Demais Subfunções | F29: =IF($E$215>0,E29/$E$215,0)*100 -> 0 | G29: =C29-E29 -> 0 | J29: =IF($I$215>0,I29/$I$215,0)*100 -> 0 | K29: =C29-I29 -> 0
A30: ESSENCIAL A JUSTIÇA | B30: =SUM(B31:B34) -> 0 | C30: =SUM(C31:C34) -> 0 | D30: =SUM(D31:D34) -> 0 | E30: =SUM(E31:E34) -> 0 | F30: =IF($E$215>0,E30/$E$215,0)*100 -> 0 | G30: =SUM(G31:G34) -> 0 | H30: =SUM(H31:H34) -> 0 | I30: =SUM(I31:I34) -> 0 | J30: =IF($I$215>0,I30/$I$215,0)*100 -> 0 | K30: =SUM(K31:K34) -> 0 | L30: =SUM(L31:L34) -> 0
A31: Defesa da Ordem Jurídica | F31: =IF($E$215>0,E31/$E$215,0)*100 -> 0 | G31: =C31-E31 -> 0 | J31: =IF($I$215>0,I31/$I$215,0)*100 -> 0 | K31: =C31-I31 -> 0
A32: Representação Judicial e Extrajudicial | F32: =IF($E$215>0,E32/$E$215,0)*100 -> 0 | G32: =C32-E32 -> 0 | J32: =IF($I$215>0,I32/$I$215,0)*100 -> 0 | K32: =C32-I32 -> 0
A33: Administração Geral | F33: =IF($E$215>0,E33/$E$215,0)*100 -> 0 | G33: =C33-E33 -> 0 | J33: =IF($I$215>0,I33/$I$215,0)*100 -> 0 | K33: =C33-I33 -> 0
A34: Demais Subfunções | F34: =IF($E$215>0,E34/$E$215,0)*100 -> 0 | G34: =C34-E34 -> 0 | J34: =IF($I$215>0,I34/$I$215,0)*100 -> 0 | K34: =C34-I34 -> 0
A35: ADMINISTRAÇÃO | B35: =SUM(B36:B47) -> 227701000 | C35: =SUM(C36:C47) -> 2.3713168e+08 | D35: =SUM(D36:D47) -> 37913337 | E35: =SUM(E36:E47) -> 1.6866212e+08 | F35: =IF($E$215>0,E35/$E$215,0)*100 -> 9.5292432 | G35: =SUM(G36:G47) -> 68469559 | H35: =SUM(H36:H47) -> 41076039 | I35: =SUM(I36:I47) -> 1.1165303e+08 | J35: =IF($I$215>0,I35/$I$215,0)*100 -> 9.1625017 | K35: =SUM(K36:K47) -> 1.2547865e+08 | L35: =SUM(L36:L47) -> 0
A36: Planejamento e Orçamento | F36: =IF($E$215>0,E36/$E$215,0)*100 -> 0 | G36: =C36-E36 -> 0 | J36: =IF($I$215>0,I36/$I$215,0)*100 -> 0 | K36: =C36-I36 -> 0
A37: Administração Geral | B37: 182229000 | C37: 1.9079168e+08 | D37: 32643756 | E37: 1.4293087e+08 | F37: =IF($E$215>0,E37/$E$215,0)*100 -> 8.075453 | G37: =C37-E37 -> 47860809 | H37: 34182968 | I37: 93985261 | J37: =IF($I$215>0,I37/$I$215,0)*100 -> 7.7126443 | K37: =C37-I37 -> 96806416
A38: Administração Financeira | B38: 15118000 | C38: 15718000 | D38: 2353597.3 | E38: 9450501.5 | F38: =IF($E$215>0,E38/$E$215,0)*100 -> 0.53394401 | G38: =C38-E38 -> 6267498.5 | H38: 2561517 | I38: 6949521.4 | J38: =IF($I$215>0,I38/$I$215,0)*100 -> 0.57029354 | K38: =C38-I38 -> 8768478.6
A39: Controle Interno | B39: 2391000 | C39: 2391000 | D39: 472361.13 | E39: 1233115.1 | F39: =IF($E$215>0,E39/$E$215,0)*100 -> 0.069669786 | G39: =C39-E39 -> 1157884.9 | H39: 472361.13 | I39: 1233115.1 | J39: =IF($I$215>0,I39/$I$215,0)*100 -> 0.10119223 | K39: =C39-I39 -> 1157884.9
A40: Normatização e Fiscalização | F40: =IF($E$215>0,E40/$E$215,0)*100 -> 0 | G40: =C40-E40 -> 0 | J40: =IF($I$215>0,I40/$I$215,0)*100 -> 0 | K40: =C40-I40 -> 0
A41: Tecnologia da Informação | F41: =IF($E$215>0,E41/$E$215,0)*100 -> 0 | G41: =C41-E41 -> 0 | J41: =IF($I$215>0,I41/$I$215,0)*100 -> 0 | K41: =C41-I41 -> 0
A42: Ordenamento Territorial | B42: 11808000 | C42: 12076000 | D42: 1715793.3 | E42: 5283699 | F42: =IF($E$215>0,E42/$E$215,0)*100 -> 0.29852378 | G42: =C42-E42 -> 6792301 | H42: 1800681.1 | I42: 4764498.3 | J42: =IF($I$215>0,I42/$I$215,0)*100 -> 0.39098557 | K42: =C42-I42 -> 7311501.7
A43: Formação de Recursos Humanos | F43: =IF($E$215>0,E43/$E$215,0)*100 -> 0 | G43: =C43-E43 -> 0 | J43: =IF($I$215>0,I43/$I$215,0)*100 -> 0 | K43: =C43-I43 -> 0
A44: Administração de Receitas | F44: =IF($E$215>0,E44/$E$215,0)*100 -> 0 | G44: =C44-E44 -> 0 | J44: =IF($I$215>0,I44/$I$215,0)*100 -> 0 | K44: =C44-I44 -> 0
A45: Administração de Concessões | F45: =IF($E$215>0,E45/$E$215,0)*100 -> 0 | G45: =C45-E45 -> 0 | J45: =IF($I$215>0,I45/$I$215,0)*100 -> 0 | K45: =C45-I45 -> 0
A46: Comunicação Social | B46: 16155000 | C46: 16155000 | D46: 727830.16 | E46: 9763934.6 | F46: =IF($E$215>0,E46/$E$215,0)*100 -> 0.55165267 | G46: =C46-E46 -> 6391065.4 | H46: 2058511.7 | I46: 4720635 | J46: =IF($I$215>0,I46/$I$215,0)*100 -> 0.38738604 | K46: =C46-I46 -> 11434365
A47: Demais Subfunções | F47: =IF($E$215>0,E47/$E$215,0)*100 -> 0 | G47: =C47-E47 -> 0 | J47: =IF($I$215>0,I47/$I$215,0)*100 -> 0 | K47: =C47-I47 -> 0
A48: DEFESA NACIONAL | B48: =SUM(B49:B53) -> 0 | C48: =SUM(C49:C53) -> 0 | D48: =SUM(D49:D53) -> 0 | E48: =SUM(E49:E53) -> 0 | F48: =IF($E$215>0,E48/$E$215,0)*100 -> 0 | G48: =SUM(G49:G53) -> 0 | H48: =SUM(H49:H53) -> 0 | I48: =SUM(I49:I53) -> 0 | J48: =IF($I$215>0,I48/$I$215,0)*100 -> 0 | K48: =SUM(K49:K53) -> 0 | L48: =SUM(L49:L53) -> 0
A49: Defesa Aérea | F49: =IF($E$215>0,E49/$E$215,0)*100 -> 0 | G49: =C49-E49 -> 0 | J49: =IF($I$215>0,I49/$I$215,0)*100 -> 0 | K49: =C49-I49 -> 0
A50: Defesa Naval | F50: =IF($E$215>0,E50/$E$215,0)*100 -> 0 | G50: =C50-E50 -> 0 | J50: =IF($I$215>0,I50/$I$215,0)*100 -> 0 | K50: =C50-I50 -> 0
A51: Defesa Terrestre | F51: =IF($E$215>0,E51/$E$215,0)*100 -> 0 | G51: =C51-E51 -> 0 | J51: =IF($I$215>0,I51/$I$215,0)*100 -> 0 | K51: =C51-I51 -> 0
A52: Administração Geral | F52: =IF($E$215>0,E52/$E$215,0)*100 -> 0 | G52: =C52-E52 -> 0 | J52: =IF($I$215>0,I52/$I$215,0)*100 -> 0 | K52: =C52-I52 -> 0
A53: Demais Subfunções | F53: =IF($E$215>0,E53/$E$215,0)*100 -> 0 | G53: =C53-E53 -> 0 | J53: =IF($I$215>0,I53/$I$215,0)*100 -> 0 | K53: =C53-I53 -> 0
A54: SEGURANÇA PÚBLICA | B54: =SUM(B55:B59) -> 66852000 | C54: =SUM(C55:C59) -> 69305256 | D54: =SUM(D55:D59) -> 10898110 | E54: =SUM(E55:E59) -> 30677338 | F54: =IF($E$215>0,E54/$E$215,0)*100 -> 1.7332393 | G54: =SUM(G55:G59) -> 38627918 | H54: =SUM(H55:H59) -> 9604188.6 | I54: =SUM(I55:I59) -> 27010517 | J54: =IF($I$215>0,I54/$I$215,0)*100 -> 2.2165445 | K54: =SUM(K55:K59) -> 42294738 | L54: =SUM(L55:L59) -> 0
A55: Policiamento | B55: 66774000 | C55: 68027256 | D55: 10891821 | E55: 30660503 | F55: =IF($E$215>0,E55/$E$215,0)*100 -> 1.7322882 | G55: =C55-E55 -> 37366752 | H55: 9593804.2 | I55: 27000133 | J55: =IF($I$215>0,I55/$I$215,0)*100 -> 2.2156923 | K55: =C55-I55 -> 41027123
A56: Defesa Civil | B56: 74000 | C56: 74000 | D56: 6289 | E56: 16834.45 | F56: =IF($E$215>0,E56/$E$215,0)*100 -> 0.00095112981 | G56: =C56-E56 -> 57165.55 | H56: 10384.33 | I56: 10384.33 | J56: =IF($I$215>0,I56/$I$215,0)*100 -> 0.00085216174 | K56: =C56-I56 -> 63615.67
A57: Informação e Inteligência | B57: 4000 | C57: 1204000 | D57: 0 | E57: 0 | F57: =IF($E$215>0,E57/$E$215,0)*100 -> 0 | G57: =C57-E57 -> 1204000 | H57: 0 | I57: 0 | J57: =IF($I$215>0,I57/$I$215,0)*100 -> 0 | K57: =C57-I57 -> 1204000
A58: Administração Geral | F58: =IF($E$215>0,E58/$E$215,0)*100 -> 0 | G58: =C58-E58 -> 0 | J58: =IF($I$215>0,I58/$I$215,0)*100 -> 0 | K58: =C58-I58 -> 0
A59: Demais Subfunções | F59: =IF($E$215>0,E59/$E$215,0)*100 -> 0 | G59: =C59-E59 -> 0 | J59: =IF($I$215>0,I59/$I$215,0)*100 -> 0 | K59: =C59-I59 -> 0
A60: RELAÇÕES EXTERIORES | B60: =SUM(B61:B64) -> 0 | C60: =SUM(C61:C64) -> 0 | D60: =SUM(D61:D64) -> 0 | E60: =SUM(E61:E64) -> 0 | F60: =IF($E$215>0,E60/$E$215,0)*100 -> 0 | G60: =SUM(G61:G64) -> 0 | H60: =SUM(H61:H64) -> 0 | I60: =SUM(I61:I64) -> 0 | J60: =IF($I$215>0,I60/$I$215,0)*100 -> 0 | K60: =SUM(K61:K64) -> 0 | L60: =SUM(L61:L64) -> 0
A61: Relações Diplomáticas | F61: =IF($E$215>0,E61/$E$215,0)*100 -> 0 | G61: =C61-E61 -> 0 | J61: =IF($I$215>0,I61/$I$215,0)*100 -> 0 | K61: =C61-I61 -> 0
A62: Cooperação Internacional | F62: =IF($E$215>0,E62/$E$215,0)*100 -> 0 | G62: =C62-E62 -> 0 | J62: =IF($I$215>0,I62/$I$215,0)*100 -> 0 | K62: =C62-I62 -> 0
A63: Administração Geral | F63: =IF($E$215>0,E63/$E$215,0)*100 -> 0 | G63: =C63-E63 -> 0 | J63: =IF($I$215>0,I63/$I$215,0)*100 -> 0 | K63: =C63-I63 -> 0
A64: Demais Subfunções | F64: =IF($E$215>0,E64/$E$215,0)*100 -> 0 | G64: =C64-E64 -> 0 | J64: =IF($I$215>0,I64/$I$215,0)*100 -> 0 | K64: =C64-I64 -> 0
A65: ASSISTÊNCIA SOCIAL | B65: =SUM(B66:B73) -> 74146000 | C65: =SUM(C66:C73) -> 83174977 | D65: =SUM(D66:D73) -> 6631287.4 | E65: =SUM(E66:E73) -> 43230602 | F65: =IF($E$215>0,E65/$E$215,0)*100 -> 2.4424863 | G65: =SUM(G66:G73) -> 39944376 | H65: =SUM(H66:H73) -> 9668679.7 | I65: =SUM(I66:I73) -> 31894793 | J65: =IF($I$215>0,I65/$I$215,0)*100 -> 2.6173593 | K65: =SUM(K66:K73) -> 51280184 | L65: =SUM(L66:L73) -> 0
A66: Assistência ao Idoso | B66: 4330000 | C66: 6330000 | D66: 0 | E66: 3696360.5 | F66: =IF($E$215>0,E66/$E$215,0)*100 -> 0.20884072 | G66: =C66-E66 -> 2633639.5 | H66: 397188.21 | I66: 2397928.3 | J66: =IF($I$215>0,I66/$I$215,0)*100 -> 0.19677945 | K66: =C66-I66 -> 3932071.7
A67: Assistência ao Portador de Deficiência | B67: 2000 | C67: 2000 | D67: 0 | E67: 0 | F67: =IF($E$215>0,E67/$E$215,0)*100 -> 0 | G67: =C67-E67 -> 2000 | H67: 0 | I67: 0 | J67: =IF($I$215>0,I67/$I$215,0)*100 -> 0 | K67: =C67-I67 -> 2000
A68: Assistência à Criança e ao Adolescente | B68: 1857000 | C68: 5517000 | D68: 26373.07 | E68: 3359016.3 | F68: =IF($E$215>0,E68/$E$215,0)*100 -> 0.1897811 | G68: =C68-E68 -> 2157983.7 | H68: 41041.96 | I68: 3214745.1 | J68: =IF($I$215>0,I68/$I$215,0)*100 -> 0.2638093 | K68: =C68-I68 -> 2302254.9
A69: Assistência Comunitária | B69: 2914000 | C69: 3128306.5 | D69: 245777.3 | E69: 758734.55 | F69: =IF($E$215>0,E69/$E$215,0)*100 -> 0.042867753 | G69: =C69-E69 -> 2369572 | H69: 258299.04 | I69: 651484.43 | J69: =IF($I$215>0,I69/$I$215,0)*100 -> 0.053462294 | K69: =C69-I69 -> 2476822.1
A70: Serviços Socioassistenciais | B70: 8028600 | C70: 10939460 | D70: 1159486.7 | E70: 3943502.1 | F70: =IF($E$215>0,E70/$E$215,0)*100 -> 0.22280397 | G70: =C70-E70 -> 6995958.3 | H70: 1162811.1 | I70: 1924552.1 | J70: =IF($I$215>0,I70/$I$215,0)*100 -> 0.15793313 | K70: =C70-I70 -> 9014908.2
A71: Segurança e Renda | F71: =IF($E$215>0,E71/$E$215,0)*100 -> 0 | G71: =C71-E71 -> 0 | J71: =IF($I$215>0,I71/$I$215,0)*100 -> 0 | K71: =C71-I71 -> 0
A72: Administração Geral | B72: 31390000 | C72: 29922960 | D72: 4356805 | E72: 12441986 | F72: =IF($E$215>0,E72/$E$215,0)*100 -> 0.70295994 | G72: =C72-E72 -> 17480974 | H72: 4543944.4 | I72: 11848653 | J72: =IF($I$215>0,I72/$I$215,0)*100 -> 0.97232743 | K72: =C72-I72 -> 18074307
A73: Demais Subfunções | B73: 25624400 | C73: 27335250 | D73: 842845.38 | E73: 19031002 | F73: =IF($E$215>0,E73/$E$215,0)*100 -> 1.0752328 | G73: =C73-E73 -> 8304247.9 | H73: 3265395.1 | I73: 11857430 | J73: =IF($I$215>0,I73/$I$215,0)*100 -> 0.9730477 | K73: =C73-I73 -> 15477820
A74: PREVIDÊNCIA SOCIAL | B74: =SUM(B75:B80) -> 194655000 | C74: =SUM(C75:C80) -> 2.3092287e+08 | D74: =SUM(D75:D80) -> 44230268 | E74: =SUM(E75:E80) -> 1.0983975e+08 | F74: =IF($E$215>0,E74/$E$215,0)*100 -> 6.2058373 | G74: =SUM(G75:G80) -> 1.2108312e+08 | H74: =SUM(H75:H80) -> 44337788 | I74: =SUM(I75:I80) -> 1.0944487e+08 | J74: =IF($I$215>0,I74/$I$215,0)*100 -> 8.9812952 | K74: =SUM(K75:K80) -> 1.21478e+08 | L74: =SUM(L75:L80) -> 0
A75: Previdência Básica | F75: =IF($E$215>0,E75/$E$215,0)*100 -> 0 | G75: =C75-E75 -> 0 | J75: =IF($I$215>0,I75/$I$215,0)*100 -> 0 | K75: =C75-I75 -> 0
A76: Previdência do Regime Estatutário | B76: 194655000 | C76: 2.3092287e+08 | D76: 44230268 | E76: 1.0983975e+08 | F76: =IF($E$215>0,E76/$E$215,0)*100 -> 6.2058373 | G76: =C76-E76 -> 1.2108312e+08 | H76: 44337788 | I76: 1.0944487e+08 | J76: =IF($I$215>0,I76/$I$215,0)*100 -> 8.9812952 | K76: =C76-I76 -> 1.21478e+08
A77: Previdência Complementar | F77: =IF($E$215>0,E77/$E$215,0)*100 -> 0 | G77: =C77-E77 -> 0 | J77: =IF($I$215>0,I77/$I$215,0)*100 -> 0 | K77: =C77-I77 -> 0
A78: Previdência Especial | F78: =IF($E$215>0,E78/$E$215,0)*100 -> 0 | G78: =C78-E78 -> 0 | J78: =IF($I$215>0,I78/$I$215,0)*100 -> 0 | K78: =C78-I78 -> 0
A79: Administração Geral | F79: =IF($E$215>0,E79/$E$215,0)*100 -> 0 | G79: =C79-E79 -> 0 | J79: =IF($I$215>0,I79/$I$215,0)*100 -> 0 | K79: =C79-I79 -> 0
A80: Demais Subfunções | F80: =IF($E$215>0,E80/$E$215,0)*100 -> 0 | G80: =C80-E80 -> 0 | J80: =IF($I$215>0,I80/$I$215,0)*100 -> 0 | K80: =C80-I80 -> 0
A81: SAÚDE | B81: =SUM(B82:B89) -> 502507000 | C81: =SUM(C82:C89) -> 5.8476392e+08 | D81: =SUM(D82:D89) -> 63629150 | E81: =SUM(E82:E89) -> 3.4920723e+08 | F81: =IF($E$215>0,E81/$E$215,0)*100 -> 19.729864 | G81: =SUM(G82:G89) -> 2.3555669e+08 | H81: =SUM(H82:H89) -> 87649241 | I81: =SUM(I82:I89) -> 2.3595961e+08 | J81: =IF($I$215>0,I81/$I$215,0)*100 -> 19.363382 | K81: =SUM(K82:K89) -> 3.4880432e+08 | L81: =SUM(L82:L89) -> 0
A82: Atenção Básica | B82: 92048000 | C82: 1.0766431e+08 | D82: 15244960 | E82: 50090558 | F82: =IF($E$215>0,E82/$E$215,0)*100 -> 2.8300671 | G82: =C82-E82 -> 57573756 | H82: 15722468 | I82: 40163294 | J82: =IF($I$215>0,I82/$I$215,0)*100 -> 3.2958913 | K82: =C82-I82 -> 67501020
A83: Assistência Hospitalar e Ambulatorial | B83: 326095000 | C83: 3.8811584e+08 | D83: 40484082 | E83: 2.5354179e+08 | F83: =IF($E$215>0,E83/$E$215,0)*100 -> 14.324861 | G83: =C83-E83 -> 1.3457404e+08 | H83: 59612654 | I83: 1.6529499e+08 | J83: =IF($I$215>0,I83/$I$215,0)*100 -> 13.564483 | K83: =C83-I83 -> 2.2282085e+08
A84: Suporte Profilático e Terapêutico | B84: 33032000 | C84: 34330454 | D84: 3054547.1 | E84: 9924637.8 | F84: =IF($E$215>0,E84/$E$215,0)*100 -> 0.56073224 | G84: =C84-E84 -> 24405816 | H84: 3313442.8 | I84: 8260705 | J84: =IF($I$215>0,I84/$I$215,0)*100 -> 0.67789225 | K84: =C84-I84 -> 26069749
A85: Vigilância Sanitária | B85: 3787000 | C85: 4452286.4 | D85: 514912.48 | E85: 1541483.8 | F85: =IF($E$215>0,E85/$E$215,0)*100 -> 0.087092311 | G85: =C85-E85 -> 2910802.7 | H85: 526978.66 | I85: 1523108.5 | J85: =IF($I$215>0,I85/$I$215,0)*100 -> 0.12498975 | K85: =C85-I85 -> 2929177.9
A86: Vigilância Epidemiológica | B86: 8878000 | C86: 10791839 | D86: 1999564 | E86: 5490147.2 | F86: =IF($E$215>0,E86/$E$215,0)*100 -> 0.3101879 | G86: =C86-E86 -> 5301692.1 | H86: 1932822.2 | I86: 4652450 | J86: =IF($I$215>0,I86/$I$215,0)*100 -> 0.38179063 | K86: =C86-I86 -> 6139389.3
A87: Alimentação e Nutrição | F87: =IF($E$215>0,E87/$E$215,0)*100 -> 0 | G87: =C87-E87 -> 0 | J87: =IF($I$215>0,I87/$I$215,0)*100 -> 0 | K87: =C87-I87 -> 0
A88: Administração Geral | B88: 38667000 | C88: 39409193 | D88: 2331084.3 | E88: 28618613 | F88: =IF($E$215>0,E88/$E$215,0)*100 -> 1.6169234 | G88: =C88-E88 -> 10790580 | H88: 6540875.8 | I88: 16065060 | J88: =IF($I$215>0,I88/$I$215,0)*100 -> 1.3183354 | K88: =C88-I88 -> 23344133
A89: Demais Subfunções | F89: =IF($E$215>0,E89/$E$215,0)*100 -> 0 | G89: =C89-E89 -> 0 | J89: =IF($I$215>0,I89/$I$215,0)*100 -> 0 | K89: =C89-I89 -> 0
A90: TRABALHO | B90: =SUM(B91:B96) -> 0 | C90: =SUM(C91:C96) -> 0 | D90: =SUM(D91:D96) -> 0 | E90: =SUM(E91:E96) -> 0 | F90: =IF($E$215>0,E90/$E$215,0)*100 -> 0 | G90: =SUM(G91:G96) -> 0 | H90: =SUM(H91:H96) -> 0 | I90: =SUM(I91:I96) -> 0 | J90: =IF($I$215>0,I90/$I$215,0)*100 -> 0 | K90: =SUM(K91:K96) -> 0 | L90: =SUM(L91:L96) -> 0
A91: Proteção e Benefícios ao Trabalhador | F91: =IF($E$215>0,E91/$E$215,0)*100 -> 0 | G91: =C91-E91 -> 0 | J91: =IF($I$215>0,I91/$I$215,0)*100 -> 0 | K91: =C91-I91 -> 0
A92: Relações de Trabalho | F92: =IF($E$215>0,E92/$E$215,0)*100 -> 0 | G92: =C92-E92 -> 0 | J92: =IF($I$215>0,I92/$I$215,0)*100 -> 0 | K92: =C92-I92 -> 0
A93: Empregabilidade | F93: =IF($E$215>0,E93/$E$215,0)*100 -> 0 | G93: =C93-E93 -> 0 | J93: =IF($I$215>0,I93/$I$215,0)*100 -> 0 | K93: =C93-I93 -> 0
A94: Fomento ao Trabalho | F94: =IF($E$215>0,E94/$E$215,0)*100 -> 0 | G94: =C94-E94 -> 0 | J94: =IF($I$215>0,I94/$I$215,0)*100 -> 0 | K94: =C94-I94 -> 0
A95: Administração Geral | F95: =IF($E$215>0,E95/$E$215,0)*100 -> 0 | G95: =C95-E95 -> 0 | J95: =IF($I$215>0,I95/$I$215,0)*100 -> 0 | K95: =C95-I95 -> 0
A96: Demais Subfunções | F96: =IF($E$215>0,E96/$E$215,0)*100 -> 0 | G96: =C96-E96 -> 0 | J96: =IF($I$215>0,I96/$I$215,0)*100 -> 0 | K96: =C96-I96 -> 0
A97: EDUCAÇÃO | B97: =SUM(B98:B107) -> 611002000 | C97: =SUM(C98:C107) -> 6.4151655e+08 | D97: =SUM(D98:D107) -> 81777120 | E97: =SUM(E98:E107) -> 4.3808784e+08 | F97: =IF($E$215>0,E97/$E$215,0)*100 -> 24.75153 | G97: =SUM(G98:G107) -> 2.0342871e+08 | H97: =SUM(H98:H107) -> 1.1177083e+08 | I97: =SUM(I98:I107) -> 2.8217499e+08 | J97: =IF($I$215>0,I97/$I$215,0)*100 -> 23.155921 | K97: =SUM(K98:K107) -> 3.5934157e+08 | L97: =SUM(L98:L107) -> 0
A98: Ensino Fundamental | B98: 269012000 | C98: 2.6658049e+08 | D98: 39570110 | E98: 1.7526255e+08 | F98: =IF($E$215>0,E98/$E$215,0)*100 -> 9.9021612 | G98: =C98-E98 -> 91317939 | H98: 50333774 | I98: 1.2210605e+08 | J98: =IF($I$215>0,I98/$I$215,0)*100 -> 10.0203 | K98: =C98-I98 -> 144474442
A99: Ensino Médio | B99: 4755000 | C99: 4755000 | D99: 1725154.4 | E99: 3621271.9 | F99: =IF($E$215>0,E99/$E$215,0)*100 -> 0.20459829 | G99: =C99-E99 -> 1133728.1 | H99: 814360.48 | I99: 2135024.3 | J99: =IF($I$215>0,I99/$I$215,0)*100 -> 0.17520495 | K99: =C99-I99 -> 2619975.7
A100: Ensino Profissional | B100: 47046000 | C100: 59738400 | D100: 5745978.5 | E100: 23448045 | F100: =IF($E$215>0,E100/$E$215,0)*100 -> 1.3247914 | G100: =C100-E100 -> 36290355 | H100: 6805896.7 | I100: 18448444 | J100: =IF($I$215>0,I100/$I$215,0)*100 -> 1.5139213 | K100: =C100-I100 -> 41289956
A101: Ensino Superior | B101: 498000 | C101: 498000 | D101: 88417.87 | E101: 241866.68 | F101: =IF($E$215>0,E101/$E$215,0)*100 -> 0.013665229 | G101: =C101-E101 -> 256133.32 | H101: 88417.87 | I101: 241866.68 | J101: =IF($I$215>0,I101/$I$215,0)*100 -> 0.01984813 | K101: =C101-I101 -> 256133.32
A102: Educação Infantil | B102: 223691000 | C102: 2.3019018e+08 | D102: 21419080 | E102: 1.6095319e+08 | F102: =IF($E$215>0,E102/$E$215,0)*100 -> 9.0936965 | G102: =C102-E102 -> 69236992 | H102: 38555314 | I102: 1.0180613e+08 | J102: =IF($I$215>0,I102/$I$215,0)*100 -> 8.3544428 | K102: =C102-I102 -> 1.2838405e+08
A103: Educação de Jovens e Adultos | B103: 143000 | C103: 143000 | D103: 20870.5 | E103: 52759.93 | F103: =IF($E$215>0,E103/$E$215,0)*100 -> 0.002980884 | G103: =C103-E103 -> 90240.07 | H103: 20870.5 | I103: 52759.93 | J103: =IF($I$215>0,I103/$I$215,0)*100 -> 0.0043295999 | K103: =C103-I103 -> 90240.07
A104: Educação Especial | B104: 31911000 | C104: 31911000 | D104: 1232580.5 | E104: 30255470 | F104: =IF($E$215>0,E104/$E$215,0)*100 -> 1.7094042 | G104: =C104-E104 -> 1655530.2 | H104: 4802741.2 | I104: 14759497 | J104: =IF($I$215>0,I104/$I$215,0)*100 -> 1.2111979 | K104: =C104-I104 -> 17151503
...

Sheet RREO-Anexo 03
A2: PREFEITURA MUNICIPAL DE INDAIATUBA
A3: Av. Eng. Fabio R. Barnabe, 2800 - Jd. Esplanada II
A4: C.N.P.J. 44.733.608/0001-09
A5: Telefone: (19) 3834-9000
A6: Tabela 3 - Demonstrativo da Receita Corrente Líquida
A8: PREFEITURA MUNICIPAL DE INDAIATUBA
A9: RELATÓRIO RESUMIDO DA EXECUÇÃO ORÇAMENTÁRIA
A10: DEMONSTRATIVO DA RECEITA CORRENTE LÍQUIDA
A11: ORÇAMENTOS FISCAL E DA SEGURIDADE SOCIAL
A12: Período: 3º Bimestre | B12: =IF(IFERROR(SEARCH("SEMESTRE",A12,1),0)>0,"Semestre",IF(IFERROR(SEARCH("QUADRIMESTRE",A12,1),0)>0,"Quadrimestre",IF(IFERROR(SEARCH("TRIMESTRE",A12,1),0)>0,"Trimestre",IF(IFERROR(SEARCH("BIMESTRE",A12,1),0)>0,"Bimestre","Mês")))) -> Bimestre
A17: RREO - Anexo 3 (LRF, Art. 53, inciso I) | O17: Em Reais
B18: EVOLUÇÃO DA RECEITA REALIZADA NOS ÚLTIMOS 12 MESES | N18: TOTAL | O18: PREVISÃO
A19: ESPECIFICAÇÃO | N19: (ÚLTIMOS | O19: ATUALIZADA
B20: <MR–11> | C20: <MR–10> | D20: <MR–9> | E20: <MR–8> | F20: <MR–7> | G20: <MR–6> | H20: <MR–5> | I20: <MR–4> | J20: <MR–3> | K20: <MR–2> | L20: <MR–1> | M20: <MR> | N20: 12 MESES) | O20: <EXERCÍCIO>
A21: RECEITAS CORRENTES (I) | B21: =B22+B28+B29+B32+B33+B34+B35+B43 -> 2.2328615e+08 | C21: =C22+C28+C29+C32+C33+C34+C35+C43 -> 2.2288625e+08 | D21: =D22+D28+D29+D32+D33+D34+D35+D43 -> 2.1056111e+08 | E21: =E22+E28+E29+E32+E33+E34+E35+E43 -> 2.1748192e+08 | F21: =F22+F28+F29+F32+F33+F34+F35+F43 -> 2.1752407e+08 | G21: =G22+G28+G29+G32+G33+G34+G35+G43 -> 2.5400897e+08 | H21: =H22+H28+H29+H32+H33+H34+H35+H43 -> 2.514884e+08 | I21: =I22+I28+I29+I32+I33+I34+I35+I43 -> 2.2689534e+08 | ... M21: =M22+M28+M29+M32+M33+M34+M35+M43 -> 2.353268e+08 | N21: =SUM(B21:M21) -> 2.8207295e+09 | O21: =O22+O28+O29+O32+O33+O34+O35+O43 -> 2.6659847e+09
A22: Impostos, Taxas e Contribuições de Melhoria | B22: =SUM(B23:B27) -> 61607641 | C22: =SUM(C23:C27) -> 62366347 | D22: =SUM(D23:D27) -> 62890675 | E22: =SUM(E23:E27) -> 68147848 | F22: =SUM(F23:F27) -> 68622140 | G22: =SUM(G23:G27) -> 76334609 | H22: =SUM(H23:H27) -> 55437164 | I22: =SUM(I23:I27) -> 52732088 | ... M22: =SUM(M23:M27) -> 72244998 | N22: =SUM(B22:M22) -> 8.4540283e+08 | O22: =SUM(O23:O27) -> 826374000
A23: IPTU | B23: 17015957 | C23: 15780936 | D23: 17296253 | E23: 18815786 | F23: 17616868 | G23: 18555443 | H23: 6762648.9 | I23: 10141855 | J23: 64557958 | K23: 17700519 | L23: 18291810 | M23: 19284144 | N23: =SUM(B23:M23) -> 2.4182018e+08 | O23: 234600000
A24: ISS | B24: 21582824 | C24: 22971204 | D24: 23765881 | E24: 25387972 | F24: 25664526 | G24: 26051482 | H24: 28462755 | I24: 21199063 | J24: 22981312 | K24: 24688123 | L24: 24054456 | M24: 26755997 | N24: =SUM(B24:M24) -> 2.9356559e+08 | O24: 297000000
A25: ITBI | B25: 7802981.4 | C25: 9090340 | D25: 6597068.1 | E25: 8341667.8 | F25: 10236878 | G25: 8254548.9 | H25: 6382879.1 | I25: 7359339.6 | J25: 8696958.3 | K25: 7486061.5 | L25: 11309093 | M25: 8873188 | N25: =SUM(B25:M25) -> 100431004 | O25: 90374000
A26: IRRF | B26: 9474148.8 | C26: 9222359.4 | D26: 9251871.9 | E26: 9506215.8 | F26: 9399538.1 | G26: 17298981 | H26: 10587911 | I26: 10337903 | J26: 8629101.2 | K26: 9829064.7 | L26: 10339974 | M26: 10886824 | N26: =SUM(B26:M26) -> 1.2476389e+08 | O26: 124520000
A27: Outros Impostos, Taxas e Contribuições de Melhoria | B27: 5731729 | C27: 5301508.1 | D27: 5979600.2 | E27: 6096206.1 | F27: 5704329.1 | G27: 6174153.2 | H27: 3240970.9 | I27: 3693927 | J27: 24002630 | K27: 6163553.6 | L27: 6288710.4 | M27: 6444845.8 | N27: =SUM(B27:M27) -> 84822163 | O27: 79880000
A28: Contribuições | B28: 9603658.9 | C28: 9821223.4 | D28: 8551794.5 | E28: 11086060 | F28: 10007507 | G28: 11658087 | H28: 14070880 | I28: 9790964.7 | J28: 11015758 | K28: 10854188 | L28: 10905652 | M28: 11240478 | N28: =SUM(B28:M28) -> 1.2860625e+08 | O28: 123829000
A29: Receita Patrimonial | B29: =SUM(B30:B31) -> 21680244 | C29: =SUM(C30:C31) -> 41675122 | D29: =SUM(D30:D31) -> 16931438 | E29: =SUM(E30:E31) -> 22123590 | F29: =SUM(F30:F31) -> 33118822 | G29: =SUM(G30:G31) -> 17055382 | H29: =SUM(H30:H31) -> 19418430 | I29: =SUM(I30:I31) -> 36191484 | ... M29: =SUM(M30:M31) -> 20741831 | N29: =SUM(B29:M29) -> 3.006759e+08 | O29: =SUM(O30:O31) -> 2.0405811e+08
A30: Rendimentos de Aplicação Financeira | B30: 21559152 | C30: 41560397 | D30: 16777564 | E30: 21973253 | F30: 32997074 | G30: 16862916 | H30: 19315827 | I30: 36106104 | J30: 18001673 | K30: 17369438 | L30: 35668648 | M30: 20625685 | N30: =SUM(B30:M30) -> 2.9881773e+08 | O30: 2.0259311e+08
A31: Outras Receitas Patrimoniais | B31: 121092.19 | C31: 114724.71 | D31: 153874.07 | E31: 150337.15 | F31: 121748.37 | G31: 192466.54 | H31: 102603.18 | I31: 85379.06 | J31: 424903.41 | K31: 164688.2 | L31: 110202.43 | M31: 116146.17 | N31: =SUM(B31:M31) -> 1858165.5 | O31: 1465000
A32: Receita Agropecuária | N32: =SUM(B32:M32) -> 0
A33: Receita Industrial | N33: =SUM(B33:M33) -> 0
A34: Receita de Serviços | B34: 21251746 | C34: 19820844 | D34: 19543590 | E34: 23711756 | F34: 16968134 | G34: 18133217 | H34: 16353590 | I34: 29052421 | J34: 18226053 | K34: 17385655 | L34: 18493942 | M34: 17982349 | N34: =SUM(B34:M34) -> 2.369233e+08 | O34: 257347000
A35: Transferências Correntes | B35: =SUM(B36:B42) -> 1.0335599e+08 | C35: =SUM(C36:C42) -> 84576120 | D35: =SUM(D36:D42) -> 96918567 | E35: =SUM(E36:E42) -> 86068932 | F35: =SUM(F36:F42) -> 79749314 | G35: =SUM(G36:G42) -> 1.2447531e+08 | H35: =SUM(H36:H42) -> 1.4048101e+08 | I35: =SUM(I36:I42) -> 93328931 | ... M35: =SUM(M36:M42) -> 1.0627972e+08 | N35: =SUM(B35:M35) -> 1.2399101e+09 | O35: =SUM(O36:O42) -> 1.2057606e+09
A36: Cota-Parte do FPM | B36: 14368936 | C36: 11072060 | D36: 14050880 | E36: 9423431.5 | F36: 12809645 | G36: 20628301 | H36: 13088375 | I36: 16456009 | J36: 9965109.4 | K36: 11732948 | L36: 14200593 | M36: 14961622 | N36: =SUM(B36:M36) -> 1.6275791e+08 | O36: 170500000
A37: Cota-Parte do ICMS | B37: 47761424 | C37: 35242134 | D37: 42554376 | E37: 35067126 | F37: 32307893 | G37: 50648633 | H37: 36566288 | I37: 23370939 | J37: 54902263 | K37: 35146196 | L37: 37220554 | M37: 46277381 | N37: =SUM(B37:M37) -> 4.7706521e+08 | O37: 457000000
A38: Cota-Parte do IPVA | B38: 4784092.2 | C38: 4370436.1 | D38: 4383105.4 | E38: 4331017.2 | F38: 3191964.1 | G38: 4648694.1 | H38: 53734106 | I38: 24188606 | J38: 18558858 | K38: 15062185 | L38: 13348598 | M38: 4334604.1 | N38: =SUM(B38:M38) -> 1.5493627e+08 | O38: 153000000
A39: Cota-Parte do ITR | B39: 22668.78 | C39: 50581.57 | D39: 125473.21 | E39: 2888319.8 | F39: 42066.27 | G39: 13542.12 | H39: 59725.68 | I39: 2692.55 | J39: 5841.4 | K39: 1483.51 | L39: 7942.46 | M39: 3930.06 | N39: =SUM(B39:M39) -> 3224267.4 | O39: 2000000
A40: Transferências da LC nº 61/1989 | B40: 272724.36 | C40: 240920.4 | D40: 293312.08 | E40: 292225.18 | F40: 268941.68 | G40: 308929.1 | H40: 294723.35 | I40: 283239.84 | J40: 253650.77 | K40: 272895.53 | L40: 254070.95 | M40: 399434.09 | N40: =SUM(B40:M40) -> 3435067.3 | O40: 3500000
A41: Transferências do FUNDEB | B41: 20587248 | C41: 16147746 | D41: 18859572 | E41: 16620058 | F41: 15541551 | G41: 25149171 | H41: 22268993 | I41: 14077018 | J41: 24978692 | K41: 16657066 | L41: 17620464 | M41: 20076376 | N41: =SUM(B41:M41) -> 2.2858395e+08 | O41: 2.2929629e+08
A42: Outras Transferências Correntes | B42: 15558900 | C42: 17452241 | D42: 16651849 | E42: 17446755 | F42: 15587254 | G42: 23078040 | H42: 14468801 | I42: 14950427 | J42: 17141076 | K42: 16072270 | L42: 21273487 | M42: 20226373 | N42: =SUM(B42:M42) -> 2.0990747e+08 | O42: 1.904643e+08
A43: Outras Receitas Correntes | B43: 5786872.3 | C43: 4626595.5 | D43: 5725049.5 | E43: 6343736.6 | F43: 9058149.3 | G43: 6352359 | H43: 5727319.1 | I43: 5799447.5 | J43: 4079870.6 | K43: 4322475.8 | L43: 4551811.9 | M43: 6837423.3 | N43: =SUM(B43:M43) -> 69211110 | O43: 48616000
A44: DEDUÇÕES (II) | B44: =SUM(B45:B48) -> 22587817 | C44: =SUM(C45:C48) -> 41633635 | D44: =SUM(D45:D48) -> 17167109 | E44: =SUM(E45:E48) -> 20744046 | F44: =SUM(F45:F48) -> 34170772 | G44: =SUM(G45:G48) -> 22104256 | H44: =SUM(H45:H48) -> 33819963 | I44: =SUM(I45:I48) -> 40815813 | ... M44: =SUM(M45:M48) -> 23842448 | N44: =SUM(B44:M44) -> 3.3951939e+08 | O44: =SUM(O45:O48) -> 309289000
A45: Contrib. do Servidor para o Plano de Previdência | B45: 5721101.9 | C45: 5697789.9 | D45: 5730730.7 | E45: 5701994.8 | F45: 5775526.6 | G45: 7002349.7 | H45: 9724595 | I45: 5669660 | J45: 5679184 | K45: 6404027.5 | L45: 6527593.5 | M45: 6650539 | N45: =SUM(B45:M45) -> 76285093 | O45: 70924000
A46: Compensações Financ. entre Regimes Previdência | B46: 869257.06 | C46: 476534.67 | D46: 588150.85 | E46: 541720.08 | F46: 649931.75 | G46: 893077.24 | H46: 599212.55 | I46: 538502.57 | J46: 703212.15 | K46: 569176.39 | L46: 570176.31 | M46: 601796.49 | N46: =SUM(B46:M46) -> 7600748.1 | O46: 5100000
A47: Rendimentos de Aplicações de Recursos Previdenciários | B47: 3750863.6 | C47: 25264084 | D47: -410940.75 | E47: 4099907.6 | F47: 18021212 | G47: 193164.47 | H47: 2747511.8 | I47: 21747354 | J47: 279925.41 | K47: 762089.74 | L47: 18951512 | M47: 3394718.9 | N47: =SUM(B47:M47) -> 98801403 | O47: 79765000
A48: Dedução de Receita para Formação do FUNDEB | B48: 12246594 | C48: 10195226 | D48: 11259168 | E48: 10400424 | F48: 9724101.9 | G48: 14015665 | H48: 20748644 | I48: 12860297 | J48: 16737145 | K48: 12443142 | L48: 13006351 | M48: 13195394 | N48: =SUM(B48:M48) -> 1.5683215e+08 | O48: 153500000
A49: RECEITA CORRENTE LÍQUIDA (III) = (I - II) | B49: =B21-B44 -> 2.0069834e+08 | C49: =C21-C44 -> 1.8125262e+08 | D49: =D21-D44 -> 1.93394e+08 | E49: =E21-E44 -> 1.9673788e+08 | F49: =F21-F44 -> 1.8335329e+08 | G49: =G21-G44 -> 2.3190471e+08 | H49: =H21-H44 -> 2.1766843e+08 | I49: =I21-I44 -> 1.8607952e+08 | ... M49: =M21-M44 -> 2.1148435e+08 | N49: =SUM(B49:M49) -> 2.4812101e+09 | O49: =O21-O44 -> 2.3566957e+09
A50: (-) Emendas individuais (art. 166-A, § 1º, da CF) (IV) | B50: 466463.09 | C50: 554695.22 | D50: 54657.17 | E50: 542077.03 | F50: 237352.4 | G50: 1037263.8 | H50: 32993.24 | I50: 28136.87 | J50: 32475.95 | K50: 27609.13 | L50: 3923435.6 | M50: 67342.78 | N50: =SUM(B50:M50) -> 7004502.3 | O50: 1100000
A51: RCL AJUSTADA P/ ENDIVIDAMENTO (V) = (III - IV) | B51: =B49-B50 -> 2.0023187e+08 | C51: =C49-C50 -> 1.8069792e+08 | D51: =D49-D50 -> 1.9333935e+08 | E51: =E49-E50 -> 1.961958e+08 | F51: =F49-F50 -> 1.8311594e+08 | G51: =G49-G50 -> 2.3086745e+08 | H51: =H49-H50 -> 2.1763544e+08 | I51: =I49-I50 -> 1.8605139e+08 | ... M51: =M49-M50 -> 2.1141701e+08 | N51: =SUM(B51:M51) -> 2.4742056e+09 | O51: =O49-O50 -> 2.3555957e+09
A52: (-) Emendas de bancada (art. 166, § 16, da CF) (VI) | N52: =SUM(B52:M52) -> 0
A53: (-) Transf. PACS e de comb. às endemias (CF, art. 198, §11) (VII) | B53: 379500 | C53: 379500 | D53: 379500 | E53: 379500 | F53: 379500 | G53: 759000 | H53: 405250 | I53: 405250 | J53: 405250 | K53: 405250 | L53: 405250 | M53: 405250 | N53: =SUM(B53:M53) -> 5088000 | O53: 4934000
A54: (-) Outras Deduções Constitucionais ou Legais (VIII) | N54: =SUM(B54:M54) -> 0
A55: RCL AJUST P/ DESPESA COM PESSOAL (IX) = (V-VI-VII -VIII) | B55: =B51-SUM(B52:B54) -> 1.9985237e+08 | C55: =C51-SUM(C52:C54) -> 1.8031842e+08 | D55: =D51-SUM(D52:D54) -> 1.9295985e+08 | E55: =E51-SUM(E52:E54) -> 1.958163e+08 | F55: =F51-SUM(F52:F54) -> 1.8273644e+08 | G55: =G51-SUM(G52:G54) -> 2.3010845e+08 | H55: =H51-SUM(H52:H54) -> 2.1723019e+08 | I55: =I51-SUM(I52:I54) -> 1.8564614e+08 | ... M55: =M51-SUM(M52:M54) -> 2.1101176e+08 | N55: =SUM(B55:M55) -> 2.4691176e+09 | O55: =O51-SUM(O52:O54) -> 2.3506617e+09
A56: FONTE: Sistema CECAM, Unidade Responsável: CONTABILIDADE. Emissão: 17/07/2026, às 08:05:22. Assinado Digitalmente no dia 17/07/2026, às 08:05:22.
A58: NOTA EXPLICATIVA: SEGUINDO A MESMA METODOLOGIA DO TCE/SP SISTEMA AUDESP, EM (-) Emendas individuais (art. 166-A, § 1º, da CF) (IV) ESTAMOS SOMANDO OS JUROS DE APLICAÇÕES
A61: DR. CUSTÓDIO TAVARES DIAS NETO | D61: MARIA DA PENHA F. DA SILVA | J61: FELIPE ROCHA PAIAO
A62: PREFEITO MUNICIPAL | D62: CONTADORA | J62: CONTADOR

Sheet RREO-Anexo 04
A2: PREFEITURA MUNICIPAL DE INDAIATUBA
A3: Av. Eng. Fabio R. Barnabe, 2800 - Jd. Esplanada II
A4: C.N.P.J. 44.733.608/0001-09
A5: Telefone: (19) 3834-9000
A6: Tabela 4 - Demonstrativo das Receitas e Despesas Previdenciárias do Regime Próprio de Previdência dos Servidores
A8: PREFEITURA MUNICIPAL DE INDAIATUBA
A9: RELATÓRIO RESUMIDO DA EXECUÇÃO ORÇAMENTÁRIA
A10: DEMONSTRATIVO DAS RECEITAS E DESPESAS PREVIDENCIÁRIAS DO REGIME PRÓPRIO DE PREVIDÊNCIA DOS SERVIDORES
A11: ORÇAMENTO DA SEGURIDADE SOCIAL
A12: Período: 3º Bimestre | B12: Mês
A16: RREO - Anexo 4 (LRF, Art. 53, inciso II) | C16: Em Reais
A17: RECEITAS - PLANO PREVIDENCIÁRIO FUNDO EM CAPITALIZAÇÃO | B17: PREVISÃO ATUALIZADA | C17: RECEITAS REALIZADAS
A20: RECEITAS CORRENTES (I) | B20: =B21+B25+B29+B33+B34 -> 233837000 | C20: =C21+C25+C29+C33+C34 -> 1.3618111e+08
A21: Receita de Contribuições dos Segurados | B21: =SUM(B22:B24) -> 70924000 | C21: =SUM(C22:C24) -> 40655599
A22: Ativo | B22: 65469000 | C22: 37168037
A23: Inativo | B23: 5260000 | C23: 3365881.4
A24: Pensionista | B24: 195000 | C24: 121680.89
A25: Receita de Contribuições Patronais | B25: =SUM(B26:B28) -> 78030000 | C25: =SUM(C26:C28) -> 44241925
A26: Ativo | B26: 78030000 | C26: 44241925
A27: Inativo
A28: Pensionista
A29: Receita Patrimonial | B29: =SUM(B30:B32) -> 79755000 | C29: =SUM(C30:C32) -> 47686466
A30: Receitas Imobiliárias
A31: Receitas de Valores Mobiliários | B31: 79755000 | C31: 47686466
A32: Outras Receitas Patrimoniais
A33: Receita de Serviços
A34: Outras Receitas Correntes | B34: =SUM(B35:B37) -> 5128000 | C34: =SUM(C35:C37) -> 3597119.1
A35: Compensação Financeira entre os Regimes | B35: 5100000 | C35: 3582076.5
A36: Receita de Aportes Periódicos para Amortização de Déficit Atuarial do RPPS (II)
A37: Demais Receitas Correntes | B37: 28000 | C37: 15042.69
A38: RECEITAS DE CAPITAL (III) | B38: =SUM(B39:B41) -> 0 | C38: =SUM(C39:C41) -> 0
A39: Alienação de Bens, Direitos e Ativos
A40: Amortização de Empréstimos
A41: Outras Receitas de Capital
A42: TOTAL DAS RECEITAS DO FUNDO EM CAPITALIZAÇÃO (IV) = (I + III - II) | B42: =B20+B38 -> 233837000 | C42: =C20+C38 -> 1.3618111e+08
A48: DESPESAS - PLANO PREVIDENCIÁRIO FUNDO EM CAPITALIZAÇÃO | B48: DOTAÇÃO ATUALIZADA | C48: DESPESA EMPENHADA | D48: DESPESA LIQUIDADA | E48: DESPESA PAGA | F48: INSCRITAS EM RESTOS A PAGAR NÃO PROCESSADOS
A51: Benefícios | B51: =SUM(B52:B53) -> 218400000 | C51: =SUM(C52:C53) -> 1.0438897e+08 | D51: =SUM(D52:D53) -> 1.0438897e+08 | E51: =SUM(E52:E53) -> 78261750 | F51: =SUM(F52:F53) -> 0
A52: Aposentadorias | B52: 195940000 | C52: 94643075 | D52: 94643075 | E52: 70786986
A53: Pensõe por Morte | B53: 22460000 | C53: 9745899.6 | D53: 9745899.6 | E53: 7474763.4
A54: Outras Despesas Previdenciárias | B54: =SUM(B55:B56) -> 1840000 | C54: =SUM(C55:C56) -> 71702.86 | D54: =SUM(D55:D56) -> 55630.76 | E54: =SUM(E55:E56) -> 52589.37 | F54: =SUM(F55:F56) -> 0
A55: Compensação Financeira entre Regimes | B55: 200000 | C55: 71702.86 | D55: 55630.76 | E55: 52589.37
A56: Demais Despesas Previdenciárias | B56: 1640000 | C56: 0 | D56: 0 | E56: 0
A57: TOTAL DAS DESPESAS DO FUNDO EM CAPITALIZAÇÃO (V) | B57: =B51+B54 -> 220240000 | C57: =C51+C54 -> 1.0446068e+08 | D57: =D51+D54 -> 1.0444461e+08 | E57: =E51+E54 -> 78314339 | F57: =F51+F54 -> 0
A58: RESULTADO PREVIDENCIÁRIO - FUNDO EM CAPITALIZAÇÃO (VI) = (IV - V) | B58: =B42-B57 -> 13597000 | C58: =C42-C57 -> 31720432 | D58: =C42-D57 -> 31736504 | E58: =C42-E57 -> 57866770
A66: RECURSOS ARRECADADOS EM EXERCÍCIOS ANTERIORES - PLANO PREVIDENCIÁRIO - FUNDO EM CAPITALIZAÇÃO | B66: PREVISÃO ORÇAMENTÁRIA
A67: VALOR
A75: RESERVA ORÇAMENTÁRIA DO RPPS - PLANO PREVIDENCIÁRIO FUNDO EM CAPITALIZAÇÃO | B75: PREVISÃO ORÇAMENTÁRIA
A76: VALOR | B76: 74302000
A82: APORTES DE RECURSOS PARA O RPPS - PLANO PREVIDENCIÁRIO FUNDO EM CAPITALIZAÇÃO | B82: APORTES REALIZADOS
A85: Plano de Amortização - Contribuição Patronal Suplementar | B85: 15595732
A86: Plano de Amortização - Aporte Periódico de Valores Predefinidos
A87: Outros Aportes para o RPPS
A88: Recursos para Cobertura de Déficit Financeiro
A95: BENS E DIREITOS DO RPPS - PLANO PREVIDENCIÁRIO FUNDO EM CAPITALIZAÇÃO | B95: SALDO ATUAL
A97: Caixa e Equivalentes de Caixa | B97: 24544509
A98: Investimentos e Aplicações | B98: 1.9440197e+09
A99: Outros Bens e Direitos | B99: 1.4240267e+09
A105: RECEITAS - PLANO FINANCEIRO FUNDO EM REPARTIÇÃO | B105: PREVISÃO ATUALIZADA | C105: RECEITAS REALIZADAS
A108: RECEITAS CORRENTES (VII) | B108: =B109+B113+B117+B121+B122 -> 0 | C108: =C109+C113+C117+C121+C122 -> 0
A109: Receita de Contribuições dos Segurados | B109: =SUM(B110:B112) -> 0 | C109: =SUM(C110:C112) -> 0
A110: Ativo
A111: Inativo
A112: Pensionista
A113: Receita de Contribuições Patronais | B113: =SUM(B114:B116) -> 0 | C113: =SUM(C114:C116) -> 0
A114: Ativo
A115: Inativo
A116: Pensionista
A117: Receita Patrimonial | B117: =SUM(B118:B120) -> 0 | C117: =SUM(C118:C120) -> 0
A118: Receitas Imobiliárias
A119: Receitas de Valores Mobiliários
A120: Outras Receitas Patrimoniais
A121: Receita de Serviços
A122: Outras Receitas Correntes | B122: =SUM(B123:B124) -> 0 | C122: =SUM(C123:C124) -> 0
A123: Compensação Financeira entre Regimes
A124: Demais Receitas Correntes
A125: RECEITAS DE CAPITAL (VIII) | B125: =SUM(B126:B128) -> 0 | C125: =SUM(C126:C128) -> 0
A126: Alienação de Bens, Direitos e Ativos
A127: Amortização de Empréstimos
A128: Outras Receitas de Capital
A129: TOTAL DAS RECEITAS DO FUNDO EM REPARTIÇÃO (IX) = (VII + VIII) | B129: =B108+B125 -> 0 | C129: =C108+C125 -> 0
A135: DESPESAS - PLANO FINANCEIRO FUNDO EM REPARTIÇÃO | B135: DOTAÇÃO ATUALIZADA | C135: DESPESA EMPENHADA | D135: DESPESA LIQUIDADA | E135: DESPESA PAGA | F135: INSCRITAS EM RESTOS A PAGAR NÃO PROCESSADOS
A138: Benefícios | B138: =SUM(B139:B140) -> 0 | C138: =SUM(C139:C140) -> 0 | D138: =SUM(D139:D140) -> 0 | E138: =SUM(E139:E140) -> 0 | F138: =SUM(F139:F140) -> 0
A139: Aposentadorias
A140: Pensões por Morte
A141: Outras Despesas Previdenciárias | B141: =SUM(B142:B143) -> 0 | C141: =SUM(C142:C143) -> 0 | D141: =SUM(D142:D142) -> 0 | E141: =SUM(E142:E143) -> 0 | F141: =SUM(F142:F143) -> 0
A142: Compensações Financeiras entre Regimes
A143: Demais Despesas Previdenciárias
A144: TOTAL DAS DESPESAS DO FUNDO EM REPARTIÇÃO (X) | B144: =B138+B141 -> 0 | C144: =C138+C141 -> 0 | D144: =D138+D141 -> 0 | E144: =E138+E141 -> 0 | F144: =F138+F141 -> 0
A145: RESULTADO PREVIDENCIÁRIO - FUNDO EM REPARTIÇÃO (XI) = (IX - X) | B145: =B129-B144 -> 0 | C145: =C129-C144 -> 0 | D145: =C129-D144 -> 0 | E145: =C129-E144 -> 0
A155: APORTES DE RECURSOS PARA O RPPS - PLANO FINANCEIRO FUNDO EM REPARTIÇÃO | B155: APORTES REALIZADOS
A158: Recursos para Cobertura de Insuficiências Financeiras
A159: Recursos para Formação de Reserva
A166: BENS E DIREITOS DO RPPS - PLANO FINANCEIRO FUNDO EM REPARTIÇÃO | B166: SALDO ATUAL
A168: Caixa e Equivalentes de Caixa
A169: Investimentos e Aplicações
A170: Outros Bens e Direitos
B176: PREVISÃO ATUALIZADA | C176: RECEITAS REALIZADAS
A177: RECEITAS DA ADMINISTRAÇÃO DO RPPS
A179: RECEITAS CORRENTES | B179: 5625000 | C179: 3387732.7
A180: TOTAL DAS RECEITAS DA ADMINISTRAÇÃO DO RPPS - (XII) | B180: =B179 -> 5625000 | C180: =C179 -> 3387732.7
...

Sheet RREO-Anexo 06
A2: PREFEITURA MUNICIPAL DE INDAIATUBA
A3: Av. Eng. Fabio R. Barnabe, 2800 - Jd. Esplanada II
A4: C.N.P.J. 44.733.608/0001-09
A5: Telefone: (19) 3834-9000
A6: Tabela 6 - Demonstrativo do Resultado Primário
A8: PREFEITURA MUNICIPAL DE INDAIATUBA
A9: RELATÓRIO RESUMIDO DA EXECUÇÃO ORÇAMENTÁRIA
A10: DEMONSTRATIVO DOS RESULTADOS PRIMÁRIO E NOMINAL - ESTADOS, DISTRITO FEDERAL E MUNICÍPIOS
A11: ORÇAMENTOS FISCAL E DA SEGURIDADE SOCIAL
A12: Período: 3º Bimestre | B12: =IF(IFERROR(SEARCH("SEMESTRE",A12,1),0)>0,"Semestre",IF(IFERROR(SEARCH("QUADRIMESTRE",A12,1),0)>0,"Quadrimestre",IF(IFERROR(SEARCH("TRIMESTRE",A12,1),0)>0,"Trimestre",IF(IFERROR(SEARCH("BIMESTRE",A12,1),0)>0,"Bimestre","Mês")))) -> Bimestre
A17: RREO - ANEXO 6 (LRF, art 53, inciso III) | C17: Em reais
B18: PREVISÃO ATUALIZADA | C18: RECEITAS REALIZADAS
A19: RECEITAS PRIMÁRIAS
A21: RECEITAS CORRENTES (EXCETO RPPS) (I) | B21: =B22+B28+B29+B32+B40 -> 2.4259657e+09 | C21: =C22+C28+C29+C32+C40 -> 1.3333117e+09
A22: Impostos, Taxas e Contribuições de Melhoria | B22: =SUM(B23:B27) -> 826374000 | C22: =SUM(C23:C27) -> 4.4543357e+08
A23: IPTU | B23: 234600000 | C23: 1.3673894e+08
A24: ISS | B24: 297000000 | C24: 1.481417e+08
A25: ITBI | B25: 90374000 | C25: 50107519
A26: IRRF | B26: 124520000 | C26: 60610777
A27: Outros Impostos, Taxas e Contribuições de Melhoria | B27: 79880000 | C27: 49834638
A28: Contribuições | B28: 113545000 | C28: 62440069
A29: Receita Patrimonial | B29: =SUM(B30:B31) -> 1.2429311e+08 | C29: =SUM(C30:C31) -> 1.0020819e+08
A30: Aplicações Financeiras (II) | B30: 1.2282811e+08 | C30: 99204264
A31: Outras Receitas Patrimoniais | B31: 1465000 | C31: 1003922.4
A32: Transferências Correntes | B32: =SUM(B33:B39) -> 1.0522606e+09 | C32: =SUM(C33:C39) -> 5.7577493e+08
A33: Cota-Parte do FPM | B33: 140100000 | C33: 64323726
A34: Cota-Parte do ICMS | B34: 365600000 | C34: 1.867869e+08
A35: Cota-Parte do IPVA | B35: 122400000 | C35: 1.0338157e+08
A36: Cota-Parte do ITR | B36: 1600000 | C36: 65292.59
A37: Transferências da LC nº 61/1989 | B37: 2800000 | C37: 1406411.6
A38: Transferências do FUNDEB | B38: 2.2929629e+08 | C38: 1.1567861e+08
A39: Outras Transferências Correntes | B39: 1.904643e+08 | C39: 1.0413243e+08
A40: Demais Receitas Correntes | B40: =SUM(B41:B42) -> 309493000 | C40: =SUM(C41:C42) -> 1.494549e+08
A41: Outras Receitas Financeiras (III)
A42: Receitas Correntes Restantes | B42: 309493000 | C42: 1.494549e+08
A43: RECEITAS PRIMÁRIAS CORRENTES (EXCETO RPPS) (IV) = (I - (II + III)) | B43: =B21-B30-B41 -> 2.3031376e+09 | C43: =C21-C30-C41 -> 1.2341074e+09
A44: RECEITAS PRIMÁRIAS CORRENTES (RPPS) (V) | B44: 185402000 | C44: 1.0728146e+08
A45: RECEITAS NÃO PRIMÁRIAS CORRENTES (RPPS) (VI) | B45: 79765000 | C45: 47883112
A46: RECEITAS DE CAPITAL (EXCETO RPPS) (VII) | B46: =B47+B48+B49+B53+B56 -> 55371938 | C46: =C47+C48+C49+C53+C56 -> 7732258.7
A47: Operações de Crédito (VIII) | B47: 45395000 | C47: 0
A48: Amortização de Empréstimos (IX)
A49: Alienação de Bens | B49: =SUM(B50:B52) -> 2725000 | C49: =SUM(C50:C52) -> 1545270.5
A50: Receitas de Alienação de Investimentos Temporários (X)
A51: Receitas de Alienação de Investimentos Permanentes (XI)
A52: Outras Alienações de Bens | B52: 2725000 | C52: 1545270.5
A53: Transferências de Capital | B53: =SUM(B54:B55) -> 7251938.1 | C53: =SUM(C54:C55) -> 6186988.2
A54: Convênios | B54: 4098682.3 | C54: 5933732.3
A55: Outras Transferências de Capital | B55: 3153255.8 | C55: 253255.81
A56: Outras Receitas de Capital | B56: =SUM(B57:B58) -> 0 | C56: =SUM(C57:C58) -> 0
A57: Outras Receitas de Capital Não Primárias (XII)
A58: Outras Receitas de Capital Primárias
A59: RECEITAS PRIMÁRIAS DE CAPITAL (EXCETO RPPS) (XIII) = └ (VII - (VIII + IX + X + XI + XII)) | B59: =B46-B47-B48-B50-B51-B57 -> 9976938.1 | C59: =C46-C47-C48-C50-C51-C57 -> 7732258.7
A60: RECEITAS PRIMÁRIAS DE CAPITAL (RPPS) (XIV)
A61: RECEITAS NÃO PRIMÁRIAS DE CAPITAL (RPPS) (XV)
A62: RECEITA PRIMÁRIA TOTAL (XVI) = (IV + V + XIII + XIV) | B62: =B43+B44+B59+B60 -> 2.4985165e+09 | C62: =C43+C44+C59+C60 -> 1.3491211e+09
A63: RECEITA PRIMÁRIA TOTAL (EXCETO RPPS) (XVII) = (IV + XIII) | B63: =B43+B59 -> 2.3131145e+09 | C63: =C43+C59 -> 1.2418397e+09
A69: DESPESAS PRIMÁRIAS | B69: DOTAÇÃO ATUALIZADA | C69: =IF(IFERROR(FIND("TRIMESTRE",A12,1),0)>0,"Até o Trimestre",IF(IFERROR(FIND("BIMESTRE",A12,1),0)>0,"Até o Bimestre","Até o Mês")) -> Até o Mês
C70: DESPESAS EMPENHADAS | D70: DESPESAS LIQUIDADAS | E70: DESPESAS PAGAS (a) | F70: RESTOS A PAGAR PROCESSADOS PAGOS (b) | G70: RESTOS A PAGAR NÃO PROCESSADOS
G73: LIQUIDADOS | H73: PAGOS (c)
A74: DESPESAS CORRENTES (EXCETO RPPS) (XVIII) | B74: =SUM(B75:B77) -> 2.4440036e+09 | C74: =SUM(C75:C77) -> 1.5457602e+09 | D74: =SUM(D75:D77) -> 1.0739601e+09 | E74: =SUM(E75:E77) -> 9.3812969e+08 | F74: =SUM(F75:F77) -> 1.1734592e+08 | G74: =SUM(G75:G77) -> 89577853 | H74: =SUM(H75:H77) -> 88910354
A75: Pessoal e Encargos Sociais | B75: 8.6574785e+08 | C75: 4.2769225e+08 | D75: 4.2758035e+08 | E75: 3.4537502e+08 | F75: 75314409 | G75: 0 | H75: 0
A76: Juros e Encargos da Dívida (XIX) | B76: 7000000 | C76: 2517418.7 | D76: 2517418.7 | E76: 2517418.7 | F76: 0 | G76: 0 | H76: 0
A77: Outras Despesas Correntes | B77: 1.5712557e+09 | C77: 1.1155505e+09 | D77: 6.438623e+08 | E77: 5.9023724e+08 | F77: 42031512 | G77: 89577853 | H77: 88910354
A78: DESPESAS PRIMÁRIAS CORR. (EXCETO RPPS) (XX) = (XVIII - XIX) | B78: =B74-B76 -> 2.4370036e+09 | C78: =C74-C76 -> 1.5432428e+09 | D78: =D74-D76 -> 1071442654 | E78: =E74-E76 -> 9.3561227e+08 | F78: =F74-F76 -> 1.1734592e+08 | G78: =G74-G76 -> 89577853 | H78: =H74-H76 -> 88910354
A79: DESPESAS PRIMÁRIAS CORRENTES (COM RPPS) (XXI) | B79: 2.2708187e+08 | C79: 1.0723538e+08 | D79: 1.0681656e+08 | E79: 80384609 | F79: 14582778 | G79: 0 | H79: 0
A80: DESPESAS NÃO PRIMÁRIAS CORRENTES (COM RPPS) (XXII)
A81: DESPESAS DE CAPITAL (EXCETO RPPS) (XXIII) | B81: =B82+B83+B88 -> 3.3120198e+08 | C81: =C82+C83+C88 -> 1.1693093e+08 | D81: =D82+D83+D88 -> 37794165 | E81: =E82+E83+E88 -> 32431717 | F81: =F82+F83+F88 -> 913819 | G81: =G82+G83+G88 -> 17938050 | H81: =H82+H83+H88 -> 17373562
A82: Investimentos | B82: 3.2619998e+08 | C82: 1.14817e+08 | D82: 35680229 | E82: 30317780 | F82: 913819 | G82: 17938050 | H82: 17373562
A83: Inversões Financeiras | B83: =SUM(B84:B87) -> 2000 | C83: =SUM(C84:C87) -> 0 | D83: =SUM(D84:D87) -> 0 | E83: =SUM(E84:E87) -> 0 | F83: =SUM(F84:F87) -> 0 | G83: =SUM(G84:G87) -> 0 | H83: =SUM(H84:H87) -> 0
A84: Concessão de Empréstimos e Financiamentos (XXIV)
A85: Aquisição de Título de Capital já Integralizado (XXV)
A86: Aquisição de Título de Crédito (XXVI)
A87: Demais Inversões Financeiras | B87: 2000 | C87: 0 | D87: 0 | E87: 0 | F87: 0 | G87: 0 | H87: 0
A88: Amortização da Dívida (XXVII) | B88: 5000000 | C88: 2113936.7 | D88: 2113936.7 | E88: 2113936.7 | F88: 0 | G88: 0 | H88: 0
A89: DESPESAS PRIMÁRIAS DE CAPITAL (EXCETO RPPS) (XXVIII) = └(XXIII - (XXIV + XXV + XXVI + XXVII)) | B89: =B81-B84-B85-B86-B88 -> 3.2620198e+08 | C89: =C81-C84-C85-C86-C88 -> 1.14817e+08 | D89: =D81-D84-D85-D86-D88 -> 35680229 | E89: =E81-E84-E85-E86-E88 -> 30317780 | F89: =F81-F84-F85-F86-F88 -> 913819 | G89: =G81-G84-G85-G86-G88 -> 17938050 | H89: =H81-H84-H85-H86-H88 -> 17373562
A90: RESERVA DE CONTINGÊNCIA (XXIX) | B90: 13166476
A91: DESPESAS PRIMÁRIAS DE CAPITAL (RPPS) (XXX) | B91: 51000 | C91: 15940.69 | D91: 15940.69 | E91: 15940.69 | F91: 0 | G91: 0 | H91: 0
A92: DESPESAS NÃO PRIMÁRIAS DE CAPITAL (RPPS) (XXXI)
A93: DESPESA PRIMÁRIA TOTAL (XXXII) = (XX + XXI + XXVIII + XXIX + XXX) | B93: =B78+B79+B89+B90+B91 -> 3.0035049e+09 | C93: =C78+C79+C89+C91 -> 1.7653111e+09 | D93: =D78+D79+D89+D91 -> 1.2139554e+09 | E93: =E78+E79+E89+E91 -> 1.0463306e+09 | F93: =F78+F79+F89+F91 -> 1.3284252e+08 | G93: =G78+G79+G89+G91 -> 1.075159e+08 | H93: =H78+H79+H89+H91 -> 1.0628392e+08
A94: DESPESA PRIMÁRIA TOTAL (EXCETO RPPS) (XXXIII) = (XX + XXVIII + XXIX) | B94: =B78+B89+B90 -> 2.776372e+09 | C94: =C78+C89 -> 1.6580597e+09 | D94: =D78+D89 -> 1.1071229e+09 | E94: =E78+E89 -> 9.6593005e+08 | F94: =F78+F89 -> 1.1825974e+08 | G94: =G78+G89 -> 1.075159e+08 | H94: =H78+H89 -> 1.0628392e+08
A103: RESULTADO PRIMÁRIO (COM RPPS) - Acima da Linha (XXXIV) = (XVIa - (XXXIIa +XXXIIb + XXXIIc)) | B103: =C62-E93-F93-H93 -> 63664093
A104: RESULTADO PRIMÁRIO (SEM RPPS) - Acima da Linha (XXXV) = (XVIIa - (XXXIIIa +XXXIIIb + XXXIIIc)) | B104: =C63-E94-F94-H94 -> 51365958
A111: DISCRIMINAÇÃO DA META FISCAL | B111: VALOR CORRENTE
A113: META FIXADA NO ANEXO DE METAS FISCAIS DA LDO PARA O └EXERCÍCIO DE REFERÊNCIA | B113: -133319000
A120: JUROS NOMINAIS | B120: VALOR INCORRIDO
A122: Juros, Encargos e Variações Monetárias Ativos (Exceto RPPS) (XXXVI) | B122: 99204264
A123: Juros, Encargos e Variações Monetárias Passivos (Exceto RPPS) (XXXVII) | B123: 2756347.2
A132: RESULTADO NOMINAL (SEM RPPS) - Acima da Linha (XXXVIII) = XXXV + (XXXVI - XXXVII) | B132: =B104+(B122-B123) -> 1.4781387e+08
A137: ABAIXO DA LINHA
B139: SALDO
A140: CÁLCULO DO RESULTADO NOMINAL | B140: Em 31/Dez Exercício Anterior | C140: =IF(IFERROR(FIND("TRIMESTRE",A12,1),0)>0,"Até o Trimestre",IF(IFERROR(FIND("BIMESTRE",A12,1),0)>0,"Até o Bimestre","Até o Mês")) -> Até o Mês
B141: (a) | C141: (b)
A142: DÍVIDA CONSOLIDADA (XXXIX) | B142: 74964744 | C142: 73089736
A143: DEDUÇÕES (XL) | B143: =B144+B148 -> 1.3361051e+09 | C143: =C144+C148 -> 1.6233962e+09
A144: Disponibilidade de Caixa | B144: =B145-B146-B147 -> 1.3359709e+09 | C144: =C145-C146-C147 -> 1.6230122e+09
A145: Disponibilidade de Caixa Bruta | B145: 1.4691318e+09 | C145: 1.633388e+09
A146: (-) Restos a Pagar Processados (XLI) | B146: 1.1825987e+08 | C146: 1231986.8
A147: (-) Depósitos Restituíveis e Valores Vinculados | B147: 14901013 | C147: 9143805.6
A148: Demais Haveres Financeiros | B148: 134263.44 | C148: 383939.63
A149: DÍVIDA CONSOLIDADA LÍQUIDA (XLII) = (XXXIX - XL) | B149: =B142-B143 -> -1.2611404e+09 | C149: =C142-C143 -> -1.5503065e+09
...

Sheet RREO-Anexo 07
A2: PREFEITURA MUNICIPAL DE INDAIATUBA
A3: Av. Eng. Fabio R. Barnabe, 2800 - Jd. Esplanada II
A4: C.N.P.J. 44.733.608/0001-09
A5: Telefone: (19) 3834-9000
A6: Tabela 7 - Demonstrativo dos Restos a Pagar por Poder e Órgão
A8: PREFEITURA MUNICIPAL DE INDAIATUBA
A9: RELATÓRIO RESUMIDO DA EXECUÇÃO ORÇAMENTÁRIA
A10: DEMONSTRATIVO DOS RESTOS A PAGAR POR PODER E ÓRGÃO
A11: ORÇAMENTOS FISCAL E DA SEGURIDADE SOCIAL
A12: Período: 3º Bimestre | B12: =IF(IFERROR(SEARCH("SEMESTRE",A12,1),0)>0,"Semestre",IF(IFERROR(SEARCH("QUADRIMESTRE",A12,1),0)>0,"Quadrimestre",IF(IFERROR(SEARCH("TRIMESTRE",A12,1),0)>0,"Trimestre",IF(IFERROR(SEARCH("BIMESTRE",A12,1),0)>0,"Bimestre","Mês")))) -> Bimestre
A16: RREO - ANEXO 7 (LRF, art. 53, inciso V) | M16: Em reais
B17: RESTOS A PAGAR PROCESSADOS E NÃO PROCESSADOS LIQUIDADOS EM EXERCÍCIOS ANTERIORES | G17: RESTOS A PAGAR NÃO PROCESSADOS | M17: Saldo Total (a+b)
B18: Inscritos | G18: Inscritos
A19: PODER/ÓRGÃO | B19: Em Exercícios Anteriores | C19: Em 31 de dezembro de <Exercício Anterior> | D19: Pagos | E19: Cancelados | F19: Saldo | G19: Em Exercícios Anteriores | H19: Em 31 de dezembro de <Exercício Anterior> | I19: Liquidados | J19: Pagos | K19: Cancelados | L19: Saldo
F20: (a) | G20: Anteriores | H20: <Exercício | L20: (b)
H21: Anterior>
A22: RESTOS A PAGAR (EXCETO INTRA-ORÇAMENTÁRIOS) (I) | B22: =B23+B24 -> 0 | C22: =C23+C24 -> 1.0897588e+08 | D22: =D23+D24 -> 1.0897575e+08 | E22: =E23+E24 -> 132.9 | F22: =F23+F24 -> -8.9407024e-09 | G22: =G23+G24 -> 4556295.6 | H22: =H23+H24 -> 1.3180585e+08 | I22: =I23+I24 -> 1.0644501e+08 | ... M22: =M23+M24 -> 21877351
A23: PODER EXECUTIVO | B23: 0 | C23: 1.0885527e+08 | D23: 1.0885514e+08 | E23: 132.9 | F23: =B23+C23-D23-E23 -> -8.9407024e-09 | G23: 4556295.6 | H23: 1.2810863e+08 | I23: 1.0476776e+08 | J23: 1.0356162e+08 | K23: 8642668.4 | L23: =G23+H23-J23-K23 -> 20460641 | M23: =F23+L23 -> 20460641
A24: PODER LEGISLATIVO | B24: =SUM(B25:B26) -> 0 | C24: =SUM(C25:C26) -> 120615.22 | D24: =SUM(D25:D26) -> 120615.22 | E24: =SUM(E25:E26) -> 0 | F24: =SUM(F25:F26) -> 0 | G24: =SUM(G25:G26) -> 0 | H24: =SUM(H25:H26) -> 3697215.7 | I24: =SUM(I25:I26) -> 1677242.6 | ... M24: =SUM(M25:M26) -> 1416710
A25: Câmara Municipal | B25: 0 | C25: 120615.22 | D25: 120615.22 | E25: 0 | F25: =B25+C25-D25-E25 -> 0 | G25: 0 | H25: 3697215.7 | I25: 1677242.6 | J25: 1651400.7 | K25: 629105 | L25: =G25+H25-J25-K25 -> 1416710 | M25: =F25+L25 -> 1416710
A26: Tribunal de Contas do Município | F26: =B26+C26-D26-E26 -> 0 | L26: =G26+H26-J26-K26 -> 0 | M26: =F26+L26 -> 0
A27: RESTOS A PAGAR (INTRA-ORÇAMENTÁRIOS) (II) | B27: =B39 -> 0 | C27: =C39 -> 23866767 | D27: =D39 -> 23866767 | E27: =E39 -> 0 | F27: =F39 -> 0 | G27: =G39 -> 0 | H27: =H39 -> 1778934.8 | I27: =I39 -> 1070896.9 | ... M27: =M39 -> 32351.45
A28: TOTAL (III) = (I + II) | B28: =B22+B27 -> 0 | C28: =C22+C27 -> 1.3284265e+08 | D28: =D22+D27 -> 1.3284252e+08 | E28: =E22+E27 -> 132.9 | F28: =F22+F27 -> -8.9407024e-09 | G28: =G22+G27 -> 4556295.6 | H28: =H22+H27 -> 1.3358478e+08 | I28: =I22+I27 -> 1.075159e+08 | ... M28: =M22+M27 -> 21909702
B34: RESTOS A PAGAR PROCESSADOS E NÃO PROCESSADOS LIQUIDADOS EM EXERCÍCIOS ANTERIORES | G34: RESTOS A PAGAR NÃO PROCESSADOS | M34: Saldo Total (a+b)
B35: Inscritos | G35: Inscritos
A36: PODER/ÓRGÃO - INTRA | B36: Em Exercícios Anteriores | C36: Em 31 de dezembro de <Exercício Anterior> | D36: Pagos | E36: Cancelados | F36: Saldo | G36: Em Exercícios Anteriores | H36: Em 31 de dezembro de <Exercício Anterior> | I36: Liquidados | J36: Pagos | K36: Cancelados | L36: Saldo
F37: (a) | G37: Anteriores | H37: <Exercício | L37: (b)
H38: Anterior>
A39: RESTOS A PAGAR (INTRA-ORÇAMENTÁRIOS) (II) | B39: =B40+B41 -> 0 | C39: =C40+C41 -> 23866767 | D39: =D40+D41 -> 23866767 | E39: =E40+E41 -> 0 | F39: =F40+F41 -> 0 | G39: =G40+G41 -> 0 | H39: =H40+H41 -> 1778934.8 | I39: =I40+I41 -> 1070896.9 | ... M39: =M40+M41 -> 32351.45
A40: PODER EXECUTIVO | B40: 0 | C40: 23866767 | D40: 23866767 | E40: 0 | F40: =B40+C40-D40-E40 -> 0 | G40: 0 | H40: 1750372 | I40: 1044958.8 | J40: 1044958.8 | K40: 675686.5 | L40: =G40+H40-J40-K40 -> 29726.68 | M40: =F40+L40 -> 29726.68
A41: PODER LEGISLATIVO | B41: =SUM(B42:B43) -> 0 | C41: =SUM(C42:C43) -> 0 | D41: =SUM(D42:D43) -> 0 | E41: =SUM(E42:E43) -> 0 | F41: =SUM(F42:F43) -> 0 | G41: =SUM(G42:G43) -> 0 | H41: =SUM(H42:H43) -> 28562.81 | I41: =SUM(I42:I43) -> 25938.04 | ... M41: =SUM(M42:M43) -> 2624.77
A42: Câmara Municipal | B42: 0 | C42: 0 | D42: 0 | E42: 0 | F42: =B42+C42-D42-E42 -> 0 | G42: 0 | H42: 28562.81 | I42: 25938.04 | J42: 25938.04 | K42: 0 | L42: =G42+H42-J42-K42 -> 2624.77 | M42: =F42+L42 -> 2624.77
A43: Tribunal de Contas do Município | F43: =B43+C43-D43-E43 -> 0 | L43: =G43+H43-J43-K43 -> 0 | M43: =F43+L43 -> 0
A44: FONTE: Sistema CECAM, Unidade Responsável: CONTABILIDADE. Emissão: 17/07/2026, às 08:06:05. Assinado Digitalmente no dia 17/07/2026, às 08:06:05.
A48: DR. CUSTÓDIO TAVARES DIAS NETO | C48: MARIA DA PENHA F. DA SILVA | I48: FELIPE ROCHA PAIAO
A49: PREFEITO MUNICIPAL | C49: CONTADORA | I49: CONTADOR

Sheet RREO-Anexo 08
A2: PREFEITURA MUNICIPAL DE INDAIATUBA
A3: Av. Eng. Fabio R. Barnabe, 2800 - Jd. Esplanada II
A4: C.N.P.J. 44.733.608/0001-09
A5: Telefone: (19) 3834-9000
A6: Tabela 8.2 - Demonstrativo das Receitas e Despesas com Manutenção e Desenvolvimento do Ensino - MDE - MUNICÍPIOS
A8: PREFEITURA MUNICIPAL DE INDAIATUBA
A9: RELATÓRIO RESUMIDO DA EXECUÇÃO ORÇAMENTÁRIA
A10: DEMONSTRATIVO DAS RECEITAS E DESPESAS COM MANUTENÇÃO E DESENVOLVIMENTO DO ENSINO - MDE
A11: ORÇAMENTOS FISCAL E DA SEGURIDADE SOCIAL
A12: Período: 3º Bimestre | B12: =IF(IFERROR(SEARCH("SEMESTRE",A12,1),0)>0,"Semestre",IF(IFERROR(SEARCH("QUADRIMESTRE",A12,1),0)>0,"Quadrimestre",IF(IFERROR(SEARCH("TRIMESTRE",A12,1),0)>0,"Trimestre",IF(IFERROR(SEARCH("BIMESTRE",A12,1),0)>0,"Bimestre","Mês")))) -> Bimestre
A16: RREO - ANEXO 8 (LDB, art. 72) | C16: Em Reais
A17: RECEITAS DO ENSINO
B18: PREVISÃO | C18: RECEITAS
A19: RECEITA RESULTANTE DE IMPOSTOS (caput do art. 212 da Constituição) | B19: ATUALIZADA | C19: REALIZADAS
B20: (a) | C20: (b)
A21: 1- RECEITA DE IMPOSTOS | B21: =SUM(B22:B25) -> 746494000 | C21: =SUM(C22:C25) -> 3.9559894e+08
A22: 1.1- Receita Resultante do Imposto sobre a Propriedade Predial e Territorial Urbana – IPTU | B22: 234600000 | C22: 1.3673894e+08
A23: 1.2- Receita Resultante do Imposto sobre Transmissão Inter Vivos – ITBI | B23: 90374000 | C23: 50107519
A24: 1.3- Receita Resultante do Imposto sobre Serviços de Qualquer Natureza – ISS | B24: 297000000 | C24: 1.481417e+08
A25: 1.4- Receita Resultante do Imposto de Renda Retido na Fonte – IRRF | B25: 124520000 | C25: 60610777
A26: 2- RECEITA DE TRANSFERÊNCIAS CONSTITUCIONAIS E LEGAIS | B26: =B27+SUM(B30:B35) -> 786000000 | C26: =C27+SUM(C30:C35) -> 4.4495486e+08
A27: 2.1- Cota-Parte FPM | B27: =SUM(B28:B29) -> 170500000 | C27: =SUM(C28:C29) -> 80404656
A28: 2.1.1- Parcela referente à CF, art. 159, I, alínea b | B28: 152000000 | C28: 80404656
A29: 2.1.2- Parcela referente à CF, art. 159, I, alínea d e e | B29: 18500000 | C29: 0
A30: 2.2- Cota-Parte ICMS | B30: 457000000 | C30: 2.3348362e+08
A31: 2.3- Cota-Parte IPI-Exportação | B31: 3500000 | C31: 1758014.5
A32: 2.4- Cota-Parte ITR | B32: 2000000 | C32: 81615.66
A33: 2.5- Cota-Parte IPVA | B33: 153000000 | C33: 1.2922696e+08
A34: 2.6- Cota-Parte IOF-Ouro
A35: 2.7- Compensações Financeiras Provenientes de Impostos e Transferências Constitucionais
A36: 3- TOTAL DA RECEITA DE IMPOSTOS (1 + 2) | B36: =B21+B26 -> 1532494000 | C36: =C21+C26 -> 8.405538e+08
A38: 4- TOTAL DESTINADO AO FUNDEB - 20% DE ((2.1.1) + (2.2) + (2.3) + (2.4) + (2.5) + (2.7)) | B38: 153500000 | C38: 88990973
A40: 5- VALOR MÍNIMO A SER APLICADO ALÉM DO VALOR DESTINADO AO FUNDEB - 5% DE ((2.1.1) + (2.2) + (2.3) + (2.4) + (2.5)) + 25% DE ((1.1) + (1.2) + (1.3) + (1.4) + (2.1.2) + (2.6)+ (2.7)) | B40: =(B36*0.25)-B38 -> 229623500 | C40: =(C36*0.25)-C38 -> 1.2114748e+08
A42: FUNDEB
B43: PREVISÃO | C43: RECEITAS
A44: RECEITAS RECEBIDAS DO FUNDEB NO EXERCÍCIO | B44: ATUALIZADA | C44: REALIZADAS
B45: (a) | C45: (b)
A46: 6- RECEITAS RECEBIDAS DO FUNDEB | B46: =B47+B51+B55+B59 -> 2.3042429e+08 | C46: =C47+C51+C55+C59 -> 1.1629662e+08
A47: 6.1- FUNDEB - Impostos e Transferências de Impostos | B47: =SUM(B48:B50) -> 230216000 | C47: =SUM(C48:C50) -> 1.1608933e+08
A48: 6.1.1- Principal | B48: 229088000 | C48: 1.1547132e+08
A49: 6.1.2- Rendimentos de Aplicação Financeira | B49: 1128000 | C49: 618011.16
A50: 6.1.3- Ressarcimento de Recursos do Fundeb
A51: 6.2- FUNDEB - Complementação da União - VAAF | B51: =SUM(B52:B54) -> 207291.19 | C51: =SUM(C52:C54) -> 207291.19
A52: 6.2.1- Principal | B52: 207291.19 | C52: 207291.19
A53: 6.2.2- Rendimentos de Aplicação Financeira
A54: 6.2.3- Ressarcimento de Recursos do Fundeb
A55: 6.3- FUNDEB - Complementação da União - VAAT | B55: =SUM(B56:B58) -> 0 | C55: =SUM(C56:C58) -> 0
A56: 6.3.1- Principal
A57: 6.3.2- Rendimentos de Aplicação Financeira
A58: 6.3.3- Ressarcimento de Recursos do Fundeb
A59: 6.4- FUNDEB - Complementação da União - VAAR | B59: =SUM(B60:B62) -> 1000 | C59: =SUM(C60:C62) -> 0
A60: 6.4.1- Principal | B60: 1000 | C60: 0
A61: 6.4.2- Rendimentos de Aplicação Financeira
A62: 6.4.3- Ressarcimento de Recursos do Fundeb
A63: 7- RESULTADO LÍQUIDO DAS TRANSFERÊNCIAS DO FUNDEB (6.1.1 – 4)1 | B63: =B48-B38 -> 75588000 | C63: =C48-C38 -> 26480345
A66: RECURSOS RECEBIDOS EM EXERCÍCIOS ANTERIORES E NÃO UTILIZADOS (SUPERÁVIT) | B66: VALOR
A68: 8- TOTAL DOS RECURSOS DE SUPERÁVIT | B68: =SUM(B69:B70) -> 0
A69: 8.1- SUPERÁVIT DO EXERCÍCIO IMEDIATAMENTE ANTERIOR | B69: 0
A70: 8.2- SUPERÁVIT RESIDUAL DE OUTROS EXERCÍCIOS
A72: 9- TOTAL DOS RECURSOS DO FUNDEB DISPONÍVEIS PARA UTILIZAÇÃO (6 +8) | B72: =C46+B68 -> 1.1629662e+08
A74: DESPESAS DO FUNDEB | B74: DOTAÇÃO | C74: DESPESAS | D74: DESPESAS | E74: DESPESAS | F74: INSCR EM RP
B75: ATUALIZADA | C75: EMPENHADAS | D75: LIQUIDADA | E75: PAGA | F75: Ñ PROC
B76: (c) | C76: (d) | D76: (e) | E76: (f) | F76: (g)
A77: 10- TOTAL DAS DESPESAS COM RECURSOS DO FUNDEB | B77: =B78+B84 -> 2.3042429e+08 | C77: =C78+C84 -> 1.1728974e+08 | D77: =D78+D84 -> 1.1049783e+08 | E77: =E78+E84 -> 95448912 | F77: =C77-D77 -> 6791909.4
A78: 10.1- PROFISSIONAIS DA EDUCAÇÃO BÁSICA | B78: =SUM(B79:B83) -> 2.0728229e+08 | C78: =SUM(C79:C83) -> 1.0180937e+08 | D78: =SUM(D79:D83) -> 1.0180937e+08 | E78: =SUM(E79:E83) -> 86791552 | F78: =C78-D78 -> 0
A79: 10.1.1 - Educação Infantil | B79: 69585000 | C79: 37936563 | D79: 37936563 | E79: 26034773
A80: 10.1.2- Ensino Fundamental | B80: 1.3769729e+08 | C80: 63872807 | D80: 63872807 | E80: 60756779
A81: 10.1.3- Educação de Jovens e Adultos
A82: 10.1.4- Educação Especial
A83: 10.1.5- Administração Geral
A84: 10.2- OUTRAS DESPESAS | B84: =SUM(B85:B91) -> 23142000 | C84: =SUM(C85:C91) -> 15480365 | D84: =SUM(D85:D91) -> 8688455.5 | E84: =SUM(E85:E91) -> 8657360 | F84: =C84-D84 -> 6791909.4
A85: 10.2.1- Educação Infantil | B85: 12407000 | C85: 9224807.4 | D85: 2710977 | E85: 2710927.8
A86: 10.2.2- Ensino Fundamental | B86: 10735000 | C86: 6255557.5 | D86: 5977478.5 | E86: 5946432.2
A87: 10.2.3- Educação de Jovens e Adultos
A88: 10.2.4- Educação Especial
A89: 10.2.5- Administração Geral
A90: 10.2.6- Transporte (Escolar)
A91: 10.2.7- Outras
A93: DESPESAS CUSTEADAS COM RECEITAS DO FUNDEB RECEBIDAS NO EXERCÍCIO | B93: DESPESAS | C93: DESPESAS | D93: DESPESAS | E93: INSCRIÇÃO DE | F93: INSCR RPNP | G93: DESPESAS EM VALOR SUPERIOR AO DAS RECEITAS
B94: EMPENHADAS | C94: LIQUIDADA | D94: PAGA | E94: RESTOS A PAGAR | F94: SEM
E95: Ñ PROCESSADOS | F95: DISPONIBILIDADE
B96: (d) | C96: (e) | D96: (f) | E96: (g) | F96: (h) | G96: (i)
A97: 11- TOTAL DAS DESPESAS CUSTEADAS COM RECURSOS DO FUNDEB RECEBIDAS NO EXERCÍCIO | B97: =SUM(B98:B101) -> 1.1728974e+08 | C97: =SUM(C98:C101) -> 1.1049783e+08 | D97: =SUM(D98:D101) -> 95448912 | E97: =B97-C97 -> 6791909.4 | F97: =SUM(F98:F101) -> 0 | G97: =SUM(F98:F101) -> 0
A98: 11.1- Total das Despesas custeadas com FUNDEB - Impostos e Transferências de Impostos | B98: 1.1708244e+08 | C98: 1.1029053e+08 | D98: 95448912 | G98: =IF(B98>C47,B98-C47,0) -> 993115.59
A99: 11.2- Total das Despesas custeadas com FUNDEB - Complementação da União - VAAF | B99: 207291.19 | C99: 207291.19 | G99: =IF(B99>C51,B99-C51,0) -> 0
A100: 11.3- Total das Despesas custeadas com FUNDEB - Complementação da União - VAAT | F100: 0 | G100: =IF(B100>C55,B100-C55,0) -> 0
A101: 11.4- Total das Despesas custeadas com FUNDEB - Complementação da União - VAAR | B101: 0 | C101: 0 | D101: 0 | F101: 0 | G101: =IF(B101>C59,B101-C59,0) -> 0
A102: 12- TOTAL DAS DESPESAS DO FUNDEB COM PROFISSIONAIS DA EDUCAÇÃO BÁSICA | B102: =C78 -> 1.0180937e+08 | C102: =D78 -> 1.0180937e+08 | D102: =E78 -> 86791552 | E102: =F78 -> 0 | F102: =ROUND(IF(F98*0.7>E102,E102,F98*0.7),2) -> 0
A103: 13- TOTAL DAS DESPESAS CUSTEADAS COM FUNDEB - VAAT APLICADAS NA EDUCAÇÃO INFANTIL
A104: 14- TOTAL DAS DESPESAS CUSTEADAS COM FUNDEB - VAAT APLICADAS EM DESPESA DE CAPITAL
A106: INDICADORES - Art. 212-A, inciso XI e § 3º - Constituição Federal2 | D106: VALOR APÓS
B107: VALOR EXIGIDO | C107: VALOR APLICADO | D107: DEDUÇÕES | E107: % APLICADO
B108: (j) | C108: (k) | D108: (l) | E108: (m)
A109: 15- MÍNIMO DE 70% DO FUNDEB NA REMUNERAÇÃO DOS PROFISSIONAIS DA EDUCAÇÃO BÁSICA | B109: =ROUND((C46-C59)*0.7,2) -> 81407634 | C109: =C102+E102 -> 1.0180937e+08 | D109: =C102+E102-F102 -> 1.0180937e+08 | E109: =IF((C46-C59)>0,D109/(C46-C59)*100,0) -> 87.542846
A110: 16 - PERCENTUAL DE 50% DA COMPLEMENTAÇÃO DA UNIÃO AO FUNDEB - VAAT NA EDUCAÇÃO INFANTIL | B110: =ROUND(C55*0.5,2) -> 0 | C110: =C103+E103 -> 0 | D110: =C103+E103-F103 -> 0 | E110: =IF(C55>0,D110/C55*100,0) -> 0
A111: 17- MÍNIMO DE 15% DA COMPLEMENTAÇÃO DA UNIÃO AO FUNDEB - VAAT EM DESPESAS DE CAPITAL | B111: =ROUND(C55*0.15,2) -> 0 | C111: =C104+E104 -> 0 | D111: =C104+E104-F104 -> 0 | E111: =IF(C55>0,D111/C55*100,0) -> 0
A113: INDICADOR - Art.25, § 3º - Lei nº 14.113, de 2020 - (Máximo de 10% de Superávit)3 | B113: VALOR MÁXIMO | C113: VALOR | D113: VALOR NÃO | E113: VL NÃO APLIC
B114: PERMITIDO | C114: NÃO APLICADO | D114: APLICADO | E114: EXCEDENTE AO | F114: % NÃO APLICADO
D115: APÓS AJUSTE | E115: PERMITIDO
B116: (n) | C116: (o) | D116: (p) | E116: (q) | F116: (r)
...

Sheet RREO-Anexo 09
A2: PREFEITURA MUNICIPAL DE INDAIATUBA
A3: Av. Eng. Fabio R. Barnabe, 2800 - Jd. Esplanada II
A4: C.N.P.J. 44.733.608/0001-09
A5: Telefone: (19) 3834-9000
A6: Tabela 9 – Demonstrativo das Receitas de Operações de Crédito e Despesas de Capital
A8: PREFEITURA MUNICIPAL DE INDAIATUBA
A9: RELATÓRIO RESUMIDO DA EXECUÇÃO ORÇAMENTÁRIA
A10: DEMONSTRATIVO DAS RECEITAS DE OPERAÇÕES DE CRÉDITO E DESPESAS DE CAPITAL
A11: ORÇAMENTOS FISCAL E DA SEGURIDADE SOCIAL
A12: Período: 3º Bimestre | B12: =IF(IFERROR(SEARCH("SEMESTRE",A12,1),0)>0,"Semestre",IF(IFERROR(SEARCH("QUADRIMESTRE",A12,1),0)>0,"Quadrimestre",IF(IFERROR(SEARCH("TRIMESTRE",A12,1),0)>0,"Trimestre",IF(IFERROR(SEARCH("BIMESTRE",A12,1),0)>0,"Bimestre","Mês")))) -> Bimestre
A17: RREO – ANEXO 9 (LRF, art.53, § 1º, inciso I) | D17: Em Reais
A18: RECEITAS | B18: PREVISÃO ATUALIZADA | C18: RECEITAS REALIZADAS | D18: SALDO NÃO REALIZADO
B19: (a) | C19: (b) | D19: (c) = (a – b)
A20: RECEITAS DE OPERAÇÕES DE CRÉDITO1 (I)
B26: DOTAÇÃO | C26: DESPESAS | D26: SALDO NÃO EXECUTADO
A27: DESPESAS | B27: ATUALIZADA | C27: EMPENHADAS
B28: (d) | C28: (e) | D28: (f) = (d – e)
A29: DESPESAS DE CAPITAL
A30: Investimentos
A31: Inversões Financeiras
A32: Amortização da Dívida
A33: (-) Incentivos Fiscais a Contribuinte
A34: (-) Incentivos Fiscais a Contribuinte por Instituições Financeiras
A35: DESPESA DE CAPITAL LÍQUIDA (II)
A43: RESULTADO PARA APURAÇÃO DA | B43: <(a - d)> | C43: <(b – e)> | D43: <(f – c)>
A44: REGRA DE OURO (III) = (I – II)
A45: FONTE: Sistema CECAM, Unidade Responsável: CONTABILIDADE. Emissão: 17/07/2026, às 08:06:17. Assinado Digitalmente no dia 17/07/2026, às 08:06:17.
A46: Notas:
A47: 1 Operações de Crédito descritas na CF, art. 167, inciso III
A51: DR. CUSTÓDIO TAVARES DIAS NETO | B51: MARIA DA PENHA F. DA SILVA | D51: FELIPE ROCHA PAIAO
A52: PREFEITO MUNICIPAL | B52: CONTADORA | D52: CONTADOR

Sheet RREO-Anexo 10 - RPPS
A2: PREFEITURA MUNICIPAL DE INDAIATUBA
A3: Av. Eng. Fabio R. Barnabe, 2800 - Jd. Esplanada II
A4: C.N.P.J. 44.733.608/0001-09
A5: Telefone: (19) 3834-9000
A6: Tabela 10.1 - Demonstrativo da Projeção Atuarial do Regime Próprio de Previdência dos Servidores
A8: PREFEITURA MUNICIPAL DE INDAIATUBA
A9: RELATÓRIO RESUMIDO DA EXECUÇÃO ORÇAMENTÁRIA
A10: DEMONSTRATIVO DA PROJEÇÃO ATUARIAL DO REGIME PRÓPRIO DE PREVIDÊNCIA DOS SERVIDORES
A11: ORÇAMENTO DA SEGURIDADE SOCIAL
A12: Período: 3º Bimestre
A15: RREO – ANEXO 10 (LRF, art. 53, § 1º, inciso II) | E15: Em Reais
A16: PLANO PREVIDÊNCIARIO - FUNDO EM CAPITALIZAÇÃO
A17: EXERCÍCIO | B17: RECEITAS | C17: DESPESAS | D17: RESULTADO | E17: SALDO FINANCEIRO
B18: PREVIDENCIÁRIAS | C18: PREVIDENCIÁRIAS | D18: PREVIDENCIÁRIO | E18: DO EXERCÍCIO
B19: (a) | C19: (b) | D19: (c) = (a - b) | E19: (d) = (“d” exerc. Anterior) + (c)
A20: 2024 | D20: =B20-C20 -> 0 | E20: =F20+D20 -> 0
A21: 2025 | D21: =B21-C21 -> 0 | E21: =E20+D21 -> 0
A22: 2026 | D22: =B22-C22 -> 0 | E22: =E21+D22 -> 0
A23: 2027 | D23: =B23-C23 -> 0 | E23: =E22+D23 -> 0
A24: 2028 | D24: =B24-C24 -> 0 | E24: =E23+D24 -> 0
A25: 2029 | D25: =B25-C25 -> 0 | E25: =E24+D25 -> 0
A26: 2030 | D26: =B26-C26 -> 0 | E26: =E25+D26 -> 0
A27: 2031 | D27: =B27-C27 -> 0 | E27: =E26+D27 -> 0
A28: 2032 | D28: =B28-C28 -> 0 | E28: =E27+D28 -> 0
A29: 2033 | D29: =B29-C29 -> 0 | E29: =E28+D29 -> 0
A30: 2034 | D30: =B30-C30 -> 0 | E30: =E29+D30 -> 0
A31: 2035 | D31: =B31-C31 -> 0 | E31: =E30+D31 -> 0
A32: 2036 | D32: =B32-C32 -> 0 | E32: =E31+D32 -> 0
... A94: 2098 | D94: =B94-C94 -> 0 | E94: =E93+D94 -> 0
A95: FONTE: Sistema CECAM, Unidade Responsável: CONTABILIDADE. Emissão: 17/07/2026, às 08:06:18. Assinado Digitalmente no dia 17/07/2026, às 08:06:18.
A96: Notas: 1 Projeção atuarial elaborada em <DATA DA AVALIAÇÃO> e oficialmente enviada para o Ministério da Previdência Social – MPS.
A97: 2 Este Demonstrativo utiliza as seguintes hipóteses: <HIPÓTESE>: <VALOR>
A99: PLANO FINANCEIRO - FUNDO EM REPARTIÇÃO
A100: EXERCÍCIO | B100: RECEITAS | C100: DESPESAS | D100: RESULTADO | E100: SALDO FINANCEIRO
B101: PREVIDENCIÁRIAS | C101: PREVIDENCIÁRIAS | D101: PREVIDENCIÁRIO | E101: DO EXERCÍCIO
B102: (a) | C102: (b) | D102: (c) = (a - b) | E102: (d) = (“d” exerc. Anterior) + (c)
A103: 2024 | D103: =B103-C103 -> 0 | E103: =F103+D103 -> 0
A104: 2025 | D104: =B104-C104 -> 0 | E104: =E103+D104 -> 0
A105: 2026 | D105: =B105-C105 -> 0 | E105: =E104+D105 -> 0
A106: 2027 | D106: =B106-C106 -> 0 | E106: =E105+D106 -> 0
A107: 2028 | D107: =B107-C107 -> 0 | E107: =E106+D107 -> 0
A108: 2029 | D108: =B108-C108 -> 0 | E108: =E107+D108 -> 0
A109: 2030 | D109: =B109-C109 -> 0 | E109: =E108+D109 -> 0
A110: 2031 | D110: =B110-C110 -> 0 | E110: =E109+D110 -> 0
A111: 2032 | D111: =B111-C111 -> 0 | E111: =E110+D111 -> 0
A112: 2033 | D112: =B112-C112 -> 0 | E112: =E111+D112 -> 0
A113: 2034 | D113: =B113-C113 -> 0 | E113: =E112+D113 -> 0
A114: 2035 | D114: =B114-C114 -> 0 | E114: =E113+D114 -> 0
A115: 2036 | D115: =B115-C115 -> 0 | E115: =E114+D115 -> 0
... A177: 2098 | D177: =B177-C177 -> 0 | E177: =E176+D177 -> 0
A178: =A95 -> FONTE: Sistema CECAM, Unidade Responsável: CONTABILIDADE. Emissão: 17/07/2026, às 08:06:18. Assinado Digitalmente no dia 17/07/2026, às 08:06:18.
A179: =A96 -> Notas: 1 Projeção atuarial elaborada em <DATA DA AVALIAÇÃO> e oficialmente enviada para o Ministério da Previdência Social – MPS.
A180: =A97 -> 2 Este Demonstrativo utiliza as seguintes hipóteses: <HIPÓTESE>: <VALOR>
A185: DR. CUSTÓDIO TAVARES DIAS NETO | C185: MARIA DA PENHA F. DA SILVA | D185: FELIPE ROCHA PAIAO
A186: PREFEITO MUNICIPAL | C186: CONTADORA | D186: CONTADOR

Sheet RREO-Anexo 11
A2: PREFEITURA MUNICIPAL DE INDAIATUBA
A3: Av. Eng. Fabio R. Barnabe, 2800 - Jd. Esplanada II
A4: C.N.P.J. 44.733.608/0001-09
A5: Telefone: (19) 3834-9000
A6: Tabela 11 - Demonstrativo da Receita de Alienação de Ativos e Aplicação dos Recursos
A8: PREFEITURA MUNICIPAL DE INDAIATUBA
A9: RELATÓRIO RESUMIDO DA EXECUÇÃO ORÇAMENTÁRIA
A10: DEMONSTRATIVO DA RECEITA DE ALIENAÇÃO DE ATIVOS E APLICAÇÃO DOS RECURSOS
A11: ORÇAMENTOS FISCAL E DA SEGURIDADE SOCIAL
A12: Período: 3º Bimestre | B12: =IF(IFERROR(SEARCH("SEMESTRE",A12,1),0)>0,"Semestre",IF(IFERROR(SEARCH("QUADRIMESTRE",A12,1),0)>0,"Quadrimestre",IF(IFERROR(SEARCH("TRIMESTRE",A12,1),0)>0,"Trimestre",IF(IFERROR(SEARCH("BIMESTRE",A12,1),0)>0,"Bimestre","Mês")))) -> Bimestre
A17: RREO – ANEXO 11 (LRF, art. 53, § 1º, inciso III ) | D17: Em Reais
A18: RECEITAS | B18: PREVISÃO ATUALIZADA | C18: RECEITAS REALIZADAS | D18: SALDO
B19: (a) | C19: (b) | D19: (c) = (a-b)
A20: RECEITAS DE ALIENAÇÃO DE ATIVOS (I)
A21: Receita de Alienação de Bens Móveis
A22: Receita de Alienação de Bens Imóveis
A23: Receita de Alienação de Bens Intangiveis
A24: Receita de Rendimento de Aplicações Financeiras
B30: DOTAÇÃO ATUALIZADA | C30: DESPESAS | D30: DESPESAS | E30: DESPESAS (e) | F30: DESPESAS INSCRITAS EM RESTOS A PAGAR NÃO PROCESSADOS | G30: PAGAMENTO | H30: SALDO
A31: DESPESAS | C31: EMPENHADAS | D31: LIQUIDADAS | E31: PAGAS | G31: DE RESTOS A PAGAR
B32: (d) | C32: (e) | E32: (f) | G32: (g) | H32: (h) = (d-e)
A33: APLICAÇÃO DOS RECURSOS DA ALIENAÇÃO DE ATIVOS (II)
A34: Despesas de Capital
A35: Investimentos
A36: Inversões Financeiras
A37: Amortização da Dívida
A38: Despesas Correntes dos Regimes de Previdência
A39: Regime Geral da Previdência Social
A40: Regime Próprio dos Servidores Públicos
A45: DR. CUSTÓDIO TAVARES DIAS NETO | C45: MARIA DA PENHA F. DA SILVA | F45: FELIPE ROCHA PAIAO
A46: PREFEITO MUNICIPAL | C46: CONTADORA | F46: CONTADOR
A47: SALDO FINANCEIRO A APLICAR | B47: <EXERCÍCIO ANTERIOR> | C47: <EXERCÍCIO> | D47: SALDO ATUAL
B48: (i) | C48: (j) = (Ib – (IIf+ IIg)) | D48: (k) = (IIIi + IIIj)
A49: VALOR (III)
A50: FONTE: Sistema CECAM, Unidade Responsável: CONTABILIDADE. Emissão: 17/07/2026, às 08:06:22. Assinado Digitalmente no dia 17/07/2026, às 08:06:22.

Sheet RREO-Anexo 12
A2: PREFEITURA MUNICIPAL DE INDAIATUBA
A3: Av. Eng. Fabio R. Barnabe, 2800 - Jd. Esplanada II
A4: C.N.P.J. 44.733.608/0001-09
A5: Telefone: (19) 3834-9000
A6: Tabela 12.2 - Demonstrativo das Despesas com Saúde - Municípios
A8: PREFEITURA MUNICIPAL DE INDAIATUBA
A9: RELATÓRIO RESUMIDO DA EXECUÇÃO ORÇAMENTÁRIA
A10: DEMONSTRATIVO DAS RECEITAS E DESPESAS COM AÇÕES E SERVIÇOS PÚBLICOS DE SAÚDE
A11: ORÇAMENTOS FISCAL E DA SEGURIDADE SOCIAL
A12: Período: 3º Bimestre | B12: =IF(IFERROR(SEARCH("SEMESTRE",A12,1),0)>0,"Semestre",IF(IFERROR(SEARCH("QUADRIMESTRE",A12,1),0)>0,"Quadrimestre",IF(IFERROR(SEARCH("TRIMESTRE",A12,1),0)>0,"Trimestre",IF(IFERROR(SEARCH("BIMESTRE",A12,1),0)>0,"Bimestre","Mês")))) -> Bimestre
A16: RREO – ANEXO 12 (LC 141/2012, art. 35) | E16: Em Reais
A17: RECEITAS PARA APURAÇÃO DA APLICAÇÃO EM AÇÕES E SERVIÇOS PÚBLICOS DE SAÚDE | B17: PREVISÃO | C17: PREVISÃO | D17: RECEITAS REALIZADAS
B18: INICIAL | C18: ATUALIZADA | D18: =CONCATENATE("Até o ", B12) -> Até o Bimestre | E18: %
C19: (a) | D19: (b) | E19: (b/a) x 100
A20: RECEITA DE IMPOSTOS (I) | B20: =B21+B24+B27+B30 -> 746494000 | C20: =C21+C24+C27+C30 -> 746494000 | D20: =D21+D24+D27+D30 -> 3.9559894e+08 | E20: =IF(C20>0,D20/C20*100,0) -> 52.994255
A21: Receita Resultante do Imposto Predial e Territorial Urbano - IPTU | B21: =SUM(B22:B23) -> 234600000 | C21: =SUM(C22:C23) -> 234600000 | D21: =SUM(D22:D23) -> 1.3673894e+08 | E21: =IF(C21>0,D21/C21*100,0) -> 58.285991
A22: IPTU | B22: 207000000 | C22: 207000000 | D22: 1.1610218e+08 | E22: =IF(C22>0,D22/C22*100,0) -> 56.088009
A23: Multas, Juros de Mora, Divida Ativa e Outros Encargos do IPTU | B23: 27600000 | C23: 27600000 | D23: 20636757 | E23: =IF(C23>0,D23/C23*100,0) -> 74.770859
A24: Receita Resultante do Imposto sobre Transmissão Inter Vivos - ITBI | B24: =SUM(B25:B26) -> 90374000 | C24: =SUM(C25:C26) -> 90374000 | D24: =SUM(D25:D26) -> 50107519 | E24: =IF(C24>0,D24/C24*100,0) -> 55.444618
A25: ITBI | B25: 90000000 | C25: 90000000 | D25: 49571821 | E25: =IF(C25>0,D25/C25*100,0) -> 55.079801
A26: Multas, Juros de Mora, Dívida Ativa e Outros Encargos do ITBI | B26: 374000 | C26: 374000 | D26: 535698.47 | E26: =IF(C26>0,D26/C26*100,0) -> 143.23489
A27: Receita Resultante do Imposto sobre Serviços de Qualquer Natureza - ISS | B27: =SUM(B28:B29) -> 297000000 | C27: =SUM(C28:C29) -> 297000000 | D27: =SUM(D28:D29) -> 1.481417e+08 | E27: =IF(C27>0,D27/C27*100,0) -> 49.879362
A28: ISS | B28: 285200000 | C28: 285200000 | D28: 1.3984313e+08 | E28: =IF(C28>0,D28/C28*100,0) -> 49.033357
A29: Multas, Juros de Mora, Dívida Ativa e Outros Encargos do ISS | B29: 11800000 | C29: 11800000 | D29: 8298572 | E29: =IF(C29>0,D29/C29*100,0) -> 70.326881
A30: Receita Resultante do IRRF | B30: 124520000 | C30: 124520000 | D30: 60610777 | E30: =IF(C30>0,D30/C30*100,0) -> 48.675536
A31: RECEITA DE TRANSFERÊNCIAS CONSTITUCIONAIS E LEGAIS (II) | B31: =SUM(B32:B37) -> 767500000 | C31: =SUM(C32:C37) -> 767500000 | D31: =SUM(D32:D37) -> 4.4495486e+08 | E31: =IF(C31>0,D31/C31*100,0) -> 57.974575
A32: Cota-Parte FPM | B32: 152000000 | C32: 152000000 | D32: 80404656 | E32: =IF(C32>0,D32/C32*100,0) -> 52.8978
A33: Cota-Parte ITR | B33: 2000000 | C33: 2000000 | D33: 81615.66 | E33: =IF(C33>0,D33/C33*100,0) -> 4.080783
A34: Cota-Parte IPVA | B34: 153000000 | C34: 153000000 | D34: 1.2922696e+08 | E34: =IF(C34>0,D34/C34*100,0) -> 84.462064
A35: Cota-Parte ICMS | B35: 457000000 | C35: 457000000 | D35: 2.3348362e+08 | E35: =IF(C35>0,D35/C35*100,0) -> 51.090508
A36: Cota-Parte IPI-Exportação | B36: 3500000 | C36: 3500000 | D36: 1758014.5 | E36: =IF(C36>0,D36/C36*100,0) -> 50.228987
A37: Compensações Financeiras Provenientes de Impostos e Transferências Constitucionais | B37: =SUM(B38:B39) -> 0 | C37: =SUM(C38:C39) -> 0 | D37: =SUM(D38:D39) -> 0 | E37: =IF(C37>0,D37/C37*100,0) -> 0
A38: Desoneração ICMS (LC 194/2022) | E38: =IF(C38>0,D38/C38*100,0) -> 0
A39: Outras | E39: =IF(C39>0,D39/C39*100,0) -> 0
A40: TOTAL DAS RECEITAS RESULTANTES DE IMPOSTOS E TRANFERÊNCIAS CONSTITUCIONAIS E LEGAIS - (III) = (I) + (II) | B40: =B20+B31 -> 1513994000 | C40: =C20+C31 -> 1513994000 | D40: =D20+D31 -> 8.405538e+08 | E40: =IF(C40>0,D40/C40*100,0) -> 55.518965
A42: DESPESAS COM AÇÕES E SERVIÇOS PÚBLICOS DE SAÚDE (ASPS) – POR SUBFUNÇÃO E CATEGORIA ECONÔMICA | B42: DOTAÇÃO | C42: DOTAÇÃO | D42: DESPESAS EMPENHADAS | F42: DESPESAS LIQUIDADAS | H42: DESPESAS PAGAS | J42: Inscritas em Restos a Pagar não Processados7
A43: (Por Subfunção) | B43: INICIAL | C43: ATUALIZADA | D43: =CONCATENATE("Até o ", B12) -> Até o Bimestre | E43: % | F43: =CONCATENATE("Até o ", B12) -> Até o Bimestre | G43: % | H43: =CONCATENATE("Até o ", B12) -> Até o Bimestre | I43: %
C44: (c) | D44: (d) | E44: (d/c) x 100 | F44: (e) | G44: (e/c) x 100 | H44: (f) | I44: (f/c) x 100 | J44: (g)
A45: ATENÇÃO BÁSICA (IV) | B45: =SUM(B46:B47) -> 86633000 | C45: =SUM(C46:C47) -> 97768461 | D45: =SUM(D46:D47) -> 47001519 | E45: =IF(C45>0,D45/C45*100,0) -> 48.074316 | F45: =SUM(F46:F47) -> 38400235 | G45: =IF(C45>0,F45/C45*100,0) -> 39.27671 | H45: =SUM(H46:H47) -> 32825130 | I45: =IF(C45>0,H45/C45*100,0) -> 33.574355 | J45: =SUM(J46:J47) -> 0
A46: Despesas Correntes | B46: 84741000 | C46: 89781000 | D46: 43258189 | E46: =IF(C46>0,D46/C46*100,0) -> 48.181897 | F46: 37680967 | G46: =IF(C46>0,F46/C46*100,0) -> 41.969868 | H46: 32221070 | I46: =IF(C46>0,H46/C46*100,0) -> 35.888518
A47: Despesas de Capital | B47: 1892000 | C47: 7987460.6 | D47: 3743329.9 | E47: =IF(C47>0,D47/C47*100,0) -> 46.865081 | F47: 719268.11 | G47: =IF(C47>0,F47/C47*100,0) -> 9.004966 | H47: 604059.45 | I47: =IF(C47>0,H47/C47*100,0) -> 7.5625969
A48: ASSISTÊNCIA HOSPITALAR E AMBULATORIAL (V) | B48: =SUM(B49:B50) -> 248474000 | C48: =SUM(C49:C50) -> 2.9406785e+08 | D48: =SUM(D49:D50) -> 1.7681158e+08 | E48: =IF(C48>0,D48/C48*100,0) -> 60.126115 | F48: =SUM(F49:F50) -> 1.3398941e+08 | G48: =IF(C48>0,F48/C48*100,0) -> 45.564113 | H48: =SUM(H49:H50) -> 1.1694332e+08 | I48: =IF(C48>0,H48/C48*100,0) -> 39.767462 | J48: =SUM(J49:J50) -> 0
A49: Despesas Correntes | B49: 237821000 | C49: 268863000 | D49: 1.7625078e+08 | E49: =IF(C49>0,D49/C49*100,0) -> 65.554121 | F49: 1.3371012e+08 | G49: =IF(C49>0,F49/C49*100,0) -> 49.731693 | H49: 1.1678575e+08 | I49: =IF(C49>0,H49/C49*100,0) -> 43.436898
A50: Despesas de Capital | B50: 10653000 | C50: 25204852 | D50: 560798.1 | E50: =IF(C50>0,D50/C50*100,0) -> 2.2249609 | F50: 279288.7 | G50: =IF(C50>0,F50/C50*100,0) -> 1.1080752 | H50: 157574.9 | I50: =IF(C50>0,H50/C50*100,0) -> 0.62517686
A51: SUPORTE PROFILÁTICO E TERAPÊUTICO (VI) | B51: =SUM(B52:B53) -> 31452000 | C51: =SUM(C52:C53) -> 31452000 | D51: =SUM(D52:D53) -> 9271643.8 | E51: =IF(C51>0,D51/C51*100,0) -> 29.47871 | F51: =SUM(F52:F53) -> 7654512.5 | G51: =IF(C51>0,F51/C51*100,0) -> 24.337125 | H51: =SUM(H52:H53) -> 6936417.6 | I51: =IF(C51>0,H51/C51*100,0) -> 22.053979 | J51: =SUM(J52:J53) -> 0
A52: Despesas Correntes | B52: 31399000 | C52: 31399000 | D52: 9237673.7 | E52: =IF(C52>0,D52/C52*100,0) -> 29.42028 | F52: 7627322.3 | G52: =IF(C52>0,F52/C52*100,0) -> 24.291609 | H52: 6923703.2 | I52: =IF(C52>0,H52/C52*100,0) -> 22.050712
A53: Despesas de Capital | B53: 53000 | C53: 53000 | D53: 33970.19 | E53: =IF(C53>0,D53/C53*100,0) -> 64.094698 | F53: 27190.19 | G53: =IF(C53>0,F53/C53*100,0) -> 51.302245 | H53: 12714.4 | I53: =IF(C53>0,H53/C53*100,0) -> 23.989434
A54: VIGILÂNCIA SANITÁRIA (VII) | B54: =SUM(B55:B56) -> 2652000 | C54: =SUM(C55:C56) -> 2652000 | D54: =SUM(D55:D56) -> 1212223.6 | E54: =IF(C54>0,D54/C54*100,0) -> 45.709788 | F54: =SUM(F55:F56) -> 1212223.6 | G54: =IF(C54>0,F54/C54*100,0) -> 45.709788 | H54: =SUM(H55:H56) -> 1020172.3 | I54: =IF(C54>0,H54/C54*100,0) -> 38.468035 | J54: =SUM(J55:J56) -> 0
A55: Despesas Correntes | B55: 2652000 | C55: 2652000 | D55: 1212223.6 | E55: =IF(C55>0,D55/C55*100,0) -> 45.709788 | F55: 1212223.6 | G55: =IF(C55>0,F55/C55*100,0) -> 45.709788 | H55: 1020172.3 | I55: =IF(C55>0,H55/C55*100,0) -> 38.468035
A56: Despesas de Capital | E56: =IF(C56>0,D56/C56*100,0) -> 0 | G56: =IF(C56>0,F56/C56*100,0) -> 0 | I56: =IF(C56>0,H56/C56*100,0) -> 0
A57: VIGILÂNCIA EPIDEMIOLÓGICA (VIII) | B57: =SUM(B58:B59) -> 8151000 | C57: =SUM(C58:C59) -> 8189500 | D57: =SUM(D58:D59) -> 4549425.4 | E57: =IF(C57>0,D57/C57*100,0) -> 55.551931 | F57: =SUM(F58:F59) -> 4301736.3 | G57: =IF(C57>0,F57/C57*100,0) -> 52.52746 | H57: =SUM(H58:H59) -> 3554212.4 | I57: =IF(C57>0,H57/C57*100,0) -> 43.399626 | J57: =SUM(J58:J59) -> 0
A58: Despesas Correntes | B58: 8038000 | C58: 8076500 | D58: 4472295.4 | E58: =IF(C58>0,D58/C58*100,0) -> 55.374176 | F58: 4270016.8 | G58: =IF(C58>0,F58/C58*100,0) -> 52.869644 | H58: 3553512.4 | I58: =IF(C58>0,H58/C58*100,0) -> 43.998172
A59: Despesas de Capital | B59: 113000 | C59: 113000 | D59: 77130.03 | E59: =IF(C59>0,D59/C59*100,0) -> 68.256664 | F59: 31719.55 | G59: =IF(C59>0,F59/C59*100,0) -> 28.070398 | H59: 700 | I59: =IF(C59>0,H59/C59*100,0) -> 0.61946903
A60: ALIMENTAÇÃO E NUTRIÇÃO (IX) | B60: =SUM(B61:B62) -> 0 | C60: =SUM(C61:C62) -> 0 | D60: =SUM(D61:D62) -> 0 | E60: =IF(C60>0,D60/C60*100,0) -> 0 | F60: =SUM(F61:F62) -> 0 | G60: =IF(C60>0,F60/C60*100,0) -> 0 | H60: =SUM(H61:H62) -> 0 | I60: =IF(C60>0,H60/C60*100,0) -> 0 | J60: =SUM(J61:J62) -> 0
A61: Despesas Correntes | E61: =IF(C61>0,D61/C61*100,0) -> 0 | G61: =IF(C61>0,F61/C61*100,0) -> 0 | I61: =IF(C61>0,H61/C61*100,0) -> 0
A62: Despesas de Capital | E62: =IF(C62>0,D62/C62*100,0) -> 0 | G62: =IF(C62>0,F62/C62*100,0) -> 0 | I62: =IF(C62>0,H62/C62*100,0) -> 0
A63: OUTRAS SUBFUNÇÕES (X) | B63: =SUM(B64:B65) -> 40680000 | C63: =SUM(C64:C65) -> 41140000 | D63: =SUM(D64:D65) -> 30076955 | E63: =IF(C63>0,D63/C63*100,0) -> 73.108786 | F63: =SUM(F64:F65) -> 17283337 | G63: =IF(C63>0,F63/C63*100,0) -> 42.011027 | H63: =SUM(H64:H65) -> 15762501 | I63: =IF(C63>0,H63/C63*100,0) -> 38.314295 | J63: =SUM(J64:J65) -> 0
A64: Despesas Correntes | B64: 40325000 | C64: 40785000 | D64: 29977091 | E64: =IF(C64>0,D64/C64*100,0) -> 73.500285 | F64: 17259075 | G64: =IF(C64>0,F64/C64*100,0) -> 42.317211 | H64: 15738239 | I64: =IF(C64>0,H64/C64*100,0) -> 38.588302
A65: Despesas de Capital | B65: 355000 | C65: 355000 | D65: 99863.4 | E65: =IF(C65>0,D65/C65*100,0) -> 28.130535 | F65: 24261.99 | G65: =IF(C65>0,F65/C65*100,0) -> 6.8343634 | H65: 24261.99 | I65: =IF(C65>0,H65/C65*100,0) -> 6.8343634
A66: TOTAL (XI) = (IV + V + VI + VII + VIII + IX + X) | B66: =B45+B48+B51+B54+B57+B60+B63 -> 418042000 | C66: =C45+C48+C51+C54+C57+C60+C63 -> 4.7526981e+08 | D66: =D45+D48+D51+D54+D57+D60+D63 -> 2.6892334e+08 | E66: =IF(C66>0,D66/C66*100,0) -> 56.583299 | F66: =F45+F48+F51+F54+F57+F60+F63 -> 2.0284145e+08 | G66: =IF(C66>0,F66/C66*100,0) -> 42.679221 | H66: =H45+H48+H51+H54+H57+H60+H63 -> 1.7704175e+08 | I66: =IF(C66>0,H66/C66*100,0) -> 37.250789 | J66: =J45+J48+J51+J54+J57+J60+J63 -> 0
A68: APURAÇÃO DO CUMPRIMENTO DO LIMITE MÍNIMO PARA APLICAÇÃO EM ASPS | B68: DESPESAS EMPENHADAS | C68: DESPESAS LIQUIDADAS | D68: DESPESAS PAGAS
B70: (d) | C70: (e) | D70: (f)
A71: Total das Despesas com ASPS (XII) = (XI) | B71: =D66 -> 2.6892334e+08 | C71: =F66 -> 2.0284145e+08 | D71: =H66 -> 1.7704175e+08
A72: (-) Restos a Pagar Não Processados Inscritos Indevidamente no Exercício sem Disponibilidade Financeira (XIII) | B72: =IF(E72-(D66-F66)+J66>0,E72-(D66-F66)+J66,0) -> 0 | C72: =B72-J66 -> 0 | E72: 50220903
A73: (-) Despesas Custeadas com Recursos Vinculados à Parcela do Percentual Mínimo que não foi Aplicada em ASPS em Exercícios Anteriores (XIV)
A74: (-) Despesas Custeadas com Disponibilidade de Caixa Vinculada aos Restos a Pagar Cancelados (XV)
A75: (=) VALOR APLICADO EM ASPS (XVI) = (XII - XIII - XIV - XV) | B75: =B71-B72-B73-B74 -> 2.6892334e+08 | C75: =C71-C72-C73-C74 -> 2.0284145e+08 | D75: =D71-D72-D73-D74 -> 1.7704175e+08
A76: Despesa Mínima a ser Aplicada em ASPS (XVII) = (III) x 15% (LC 141/2012) | B76: =ROUND(D40*15/100,2) -> 1.2608307e+08 | C76: =ROUND(D40*15/100,2) -> 1.2608307e+08 | D76: =ROUND(D40*15/100,2) -> 1.2608307e+08
A77: Despesa Mínima a ser Aplicada em ASPS (XVII) = (III) x % (Lei Orgânica Municipal) | B77: =ROUND(D41*15/100,2) -> 0 | C77: =ROUND(D41*15/100,2) -> 0 | D77: =ROUND(D41*15/100,2) -> 0
A78: Diferença entre o Valor Aplicado e a Despesa Mínima a ser Aplicada (XVIII) = (XVI (d ou e) - XVII)1 | B78: =B75-B76 -> 1.4284027e+08 | C78: =C75-C76 -> 76758383 | D78: =D75-D76 -> 50958685
A79: Limite não Cumprido (XIX) = (XVIII) (Quando valor for inferior a zero) | B79: =IF(B78<0,B78*-1*100,0) -> 0
A80: PERCENTUAL DA RECEITA DE IMPOSTOS E TRANSFERÊNCIAS CONSTITUCIONAIS E LEGAIS APLICADO EM ASPS (XVI / III)*100 (mínimo de 15% conforme LC n° 141/2012 ou % da Lei Orgânica Municipal) | B80: =IF(D40>0,B75/D40*100,0) -> 31.993591 | C80: =IF(D40>0,C75/D40*100,0) -> 24.131882 | D80: 21.062513
A82: CONTROLE DO VALOR REFERENTE AO PERCENTUAL MÍNIMO NÃO CUMPRIDO EM EXERCÍCIOS ANTERIORES PARA FINS DE APLICAÇÃO DOS RECURSOS VINCULADOS CONFORME ARTIGOS 25 E 26 DA LC 141/2012 | B82: Saldo Inicial (no exercicio atual) | C82: Despesas Custeadas no Exercício de Referência | F82: Saldo Final (não aplicado)1
C83: Empenhadad | D83: Liquidadas | E83: Pagas
B84: (h) | C84: (i) | D84: (j) | E84: (k) | F84: (l) = (h - (i ou j))
A85: Diferença de limite não cumprido no exercício | F85: =B79 -> 0
A86: Diferença de limite não cumprido no exercício anterior
A87: Diferença de limite não cumprido em exercícios anteriores
A88: TOTAL DA DIFERENÇA DE LIMITE NÃO CUMPRIDO EM EXERCÍCIOS ANTERIORES (XX) | B88: =B86+B87 -> 0 | C88: =C86+C87 -> 0 | D88: =D86+D87 -> 0 | E88: =E86+E87 -> 0 | F88: =F86+F87 -> 0
A90: EXECUÇÃO DE RESTOS A PAGAR
A91: EXERÍCIO DO EMPENHO | B91: Valor Mínimo para aplicação em ASPS | C91: Valor aplicado em ASPS no exercício | D91: Valor aplicado além do limite mínimo | E91: Total inscrito em RP no exercício | F91: RPNP Inscritos Indevidamente no Exercício sem Disponibilidade Financeira | G91: Valor inscrito em RP considerado no Limite | H91: Total de RP pagos | I91: Total de RP a pagar | J91: Total de RP cancelados ou prescritos | K91: Diferença entre o valor aplicado além do limite e o total de RP cancelados
B92: (m) | C92: (n) | D92: (o) = (n - m) | E92: (p) | F92: q = (XIIId) | G92: (r) = (p - (o + q)) | H92: (s) | I92: (t) | J92: (u) | K92: (v) = ((o + q) - u))
A93: Inscritos em <Exercício de Referência> | B93: =B76 -> 1.2608307e+08 | C93: =B75 -> 2.6892334e+08 | D93: =IF(B79>0,B79,0) -> 0 | E93: =D66-H66 -> 91881586 | F93: =B72 -> 0 | G93: =E93-D93-F93 -> 91881586 | I93: =E93 -> 91881586 | K93: =D93-J93 -> 0
A94: Inscritos em <Exercício de Referência - 1> | E94: 56046226 | G94: =E94-D94-F94 -> 56046226 | H94: 51306921 | I94: =SUM(E94-H94-J94) -> 3649474.3 | J94: 1089831.5
A95: Inscritos em <Exercício de Referência - 2> | E95: 18413324 | G95: =E95-D95-F95 -> 18413324 | H95: 17183870 | I95: =SUM(E95-H95-J95) -> 7812.85 | J95: 1221641.3
A96: Inscritos em <Exercício de Referência - 3> | E96: 15586270 | G96: =E96-D96-F96 -> 15586270 | H96: 13911829 | I96: =SUM(E96-H96-J96) -> -1.6298145e-09 | J96: 1674440.8
A97: Inscritos em <Exercício de Referência - 4> | E97: 17290043 | G97: =E97-D97-F97 -> 17290043 | H97: 16022525 | I97: =SUM(E97-H97-J97) -> -7.8929588e-08 | J97: 1267518.4
A98: Inscritos em exercícios anteriores | E98: 15949896 | G98: =E98-D98-F98 -> 15949896 | H98: 14631158 | I98: =SUM(E98-H98-J98) -> -1.792796e-08 | J98: 1318737.6
A100: TOTAL DOS RESTOS A PAGAR CANCELADOS OU PRESCRITOS ATÉ O FINAL DO EXERCÍCIO ATUAL QUE AFETARAM O CUMPRIMENTO DO LIMITE (XXI)
A101: TOTAL DOS RESTOS A PAGAR CANCELADOS OU PRESCRITOS ATÉ O FINAL DO EXERCÍCIO ANTERIOR QUE AFETARAM O CUMPRIMENTO DO LIMITE (XXII)
A102: TOTAL DOS RESTOS A PAGAR CANCELADOS OU PRESCRITOS NO EXERCÍCIO ATUAL QUE AFETARAM O CUMPRIMENTO DO LIMITE (XXIII) = (XXI - XXII) | B102: =B100-B101 -> 0
A104: CONTROLE DE RESTOS A PAGAR CANCELADOS OU PRESCRITOS CONSIDERADOS PARA FINS DE APLICAÇÃO DA DISPONIBILIDADE DE CAIXA CONFORME ARTIGO 24§ 1º e 2º DA LC 141/2012 | B104: Saldo Inicial (no exercicio atual) | C104: Despesas Custeadas no Exercício de Referência | F104: Saldo Final (não aplicado)1
C105: Empenhadad | D105: Liquidadas | E105: Pagas
B106: (W) | C106: (x) | D106: (y) | E106: (z) | F106: (aa) = (w - (x ou y))
A107: Restos a pagar cancelados ou prescritos em 2020 a serem compensados (XXIV) | F107: =B107-C107 -> 0
A108: Restos a pagar cancelados ou prescritos em 2019 a serem compensados (XXV) | F108: =B108-C108 -> 0
A109: Restos a pagar cancelados ou prescritos em exercícios anteriores a serem compensados (XXVI) | F109: =B109-C109 -> 0
A110: TOTAL DE RESTOS A PAGAR CANCELADOS OU PRESCRITOS A COMPENSAR (XXVII) | B110: =SUM(B107:B109) -> 0 | C110: =SUM(C107:C109) -> 0 | D110: =SUM(D107:D109) -> 0 | E110: =SUM(E107:E109) -> 0 | F110: =SUM(F107:F109) -> 0
A117: RECEITAS ADICIONAIS PARA O FINANCIAMENTO DA SAÚDE NÃO COMPUTADAS NO CÁLCULO DO MÍNIMO | B117: PREVISÃO | C117: PREVISÃO | D117: RECEITAS REALIZADAS
B118: INICIAL | C118: ATUALIZADA | D118: =CONCATENATE("Até o ", B12) -> Até o Bimestre | E118: %
...

Sheet RREO-Anexo 13
A2: PREFEITURA MUNICIPAL DE INDAIATUBA
A3: Av. Eng. Fabio R. Barnabe, 2800 - Jd. Esplanada II
A4: C.N.P.J. 44.733.608/0001-09
A5: Telefone: (19) 3834-9000
A6: Tabela 13 - Demonstrativo das Parcerias Público Privadas
A8: PREFEITURA MUNICIPAL DE INDAIATUBA
A9: RELATÓRIO RESUMIDO DA EXECUÇÃO ORÇAMENTÁRIA
A10: DEMONSTRATIVO DAS PARCERIAS PÚBLICO-PRIVADAS
A11: ORÇAMENTOS FISCAL E DA SEGURIDADE SOCIAL
A12: Período: 3º Bimestre | B12: =IF(IFERROR(SEARCH("SEMESTRE",A12,1),0)>0,"Semestre",IF(IFERROR(SEARCH("QUADRIMESTRE",A12,1),0)>0,"Quadrimestre",IF(IFERROR(SEARCH("TRIMESTRE",A12,1),0)>0,"Trimestre",IF(IFERROR(SEARCH("BIMESTRE",A12,1),0)>0,"Bimestre","Mês")))) -> Bimestre
A16: RREO - Anexo 13 (Lei nº 11.079, de 30.12.2004, arts. 22, 25 e 28) | C16: Em reais
A17: ESPECIFICAÇÃO | B17: SALDO DO EXERCÍCIO ANTERIOR | C17: SALDO DO EXERCÍCIO ATUAL
B19: (a) | C19: (a)
A20: TOTAL DE ATIVOS | B20: =B22 -> 0 | C20: =C22 -> 0
A21: Ativos Constituídos pela SPE
A22: TOTAL DE PASSIVOS | B22: =SUM(B23:B25) -> 0 | C22: =SUM(C23:C25) -> 0
A23: Obrigações decorrentes de Ativos Constituídos pela SPE
A24: Provisões de PPP
A25: Outros Passivos
A26: ATOS POTENCIAIS PASSIVOS | B26: =SUM(B27:B30) -> 0 | C26: =SUM(C27:C30) -> 0
A27: Obrigações Contratuais
A28: Riscos não Provisionados
A29: Garantias Concedidas
A30: Outros Passivos Contingentes
B40: EXERCÍCIO | C40: EXERCÍCIO | D40: <EC + 1> | E40: <EC + 2> | F40: <EC + 3> | G40: <EC + 4> | H40: <EC + 5> | I40: <EC + 6> | J40: <EC + 7> | K40: <EC + 8> | L40: <EC + 9>
A41: DESPESAS DE PPP | B41: ANTERIOR | C41: CORRENTE
C42: (EC)
A43: DO ENTE FEDERADO, EXCETO ESTATAIS NÃO DEPENDENTES (I) = (I.1 + I.2) | B43: =B44+B50 -> 0 | C43: =C44+C50 -> 0 | D43: =D44+D50 -> 0 | E43: =E44+E50 -> 0 | F43: =F44+F50 -> 0 | G43: =G44+G50 -> 0 | H43: =H44+H50 -> 0 | I43: =I44+I50 -> 0 | ... L43: =L44+L50 -> 0
A44: Do Ente Federado, exceto estatais não dependentes - Contratadas (I.1) | B44: =SUM(B45:B49) -> 0 | C44: =SUM(C45:C49) -> 0 | D44: =SUM(D45:D49) -> 0 | E44: =SUM(E45:E49) -> 0 | F44: =SUM(F45:F49) -> 0 | G44: =SUM(G45:G49) -> 0 | H44: =SUM(H45:H49) -> 0 | I44: =SUM(I45:I49) -> 0 | ... L44: =SUM(L45:L49) -> 0
A50: Do Ente Federado, exceto estatais não dependentes - A contratar (I.2) | B50: =SUM(B51:B54) -> 0 | C50: =SUM(C51:C54) -> 0 | D50: =SUM(D51:D54) -> 0 | E50: =SUM(E51:E54) -> 0 | F50: =SUM(F51:F54) -> 0 | G50: =SUM(G51:G54) -> 0 | H50: =SUM(H51:H54) -> 0 | I50: =SUM(I51:I54) -> 0 | ... L50: =SUM(L51:L54) -> 0
A55: DAS ESTATAIS NÃO-DEPENDENTES (II) = (II.1 + II.2) | B55: =B56+B62 -> 0 | C55: =C56+C62 -> 0 | D55: =D56+D62 -> 0 | E55: =E56+E62 -> 0 | F55: =F56+F62 -> 0 | G55: =G56+G62 -> 0 | H55: =H56+H62 -> 0 | I55: =I56+I62 -> 0 | ... L55: =L56+L62 -> 0
A56: Das Estatais Não-Dependentes - Contratadas (II.1) | B56: =SUM(B57:B61) -> 0 | C56: =SUM(C57:C61) -> 0 | D56: =SUM(D57:D61) -> 0 | E56: =SUM(E57:E61) -> 0 | F56: =SUM(F57:F61) -> 0 | G56: =SUM(G57:G61) -> 0 | H56: =SUM(H57:H61) -> 0 | I56: =SUM(I57:I61) -> 0 | ... L56: =SUM(L57:L61) -> 0
A62: Das Estatais Não-Dependentes - A contratar (II.2) | B62: =SUM(B63:B66) -> 0 | C62: =SUM(C63:C66) -> 0 | D62: =SUM(D63:D66) -> 0 | E62: =SUM(E63:E66) -> 0 | F62: =SUM(F63:F66) -> 0 | G62: =SUM(G63:G66) -> 0 | H62: =SUM(H63:H66) -> 0 | I62: =SUM(I63:I66) -> 0 | ... L62: =SUM(L63:L66) -> 0
A67: TOTAL DAS DESPESAS DE PPP DO ENTE FEDERADO (I) = (I.1 + I.2) | B67: =B43 -> 0 | C67: =C43 -> 0 | D67: =D43 -> 0 | E67: =E43 -> 0 | F67: =F43 -> 0 | G67: =G43 -> 0 | H67: =H43 -> 0 | I67: =I43 -> 0 | ... L67: =L43 -> 0
A68: TOTAL DAS DESPESAS DE PPP DAS ESTATAIS NÃO-DEPENDENTES (II) = (II.1 + II.2) | B68: =B55 -> 0 | C68: =C55 -> 0 | D68: =D55 -> 0 | E68: =E55 -> 0 | F68: =F55 -> 0 | G68: =G55 -> 0 | H68: =H55 -> 0 | I68: =I55 -> 0 | ... L68: =L55 -> 0
A69: TOTAL DAS DESPESAS DE PPP (III) = (I + II) | B69: =B67+B68 -> 0 | C69: =C67+C68 -> 0 | D69: =D67+D68 -> 0 | E69: =E67+E68 -> 0 | F69: =F67+F68 -> 0 | G69: =G67+G68 -> 0 | H69: =H67+H68 -> 0 | I69: =I67+I68 -> 0 | ... L69: =L67+L68 -> 0
A70: RECEITA CORRENTE LÍQUIDA (RCL) (IV) | B70: 2.337488e+09 | C70: 2.4812101e+09
A71: TOTAL DAS DESPESAS CONSIDERADAS PARA O LIMITE = (I) | B71: =B67 -> 0 | C71: =C67 -> 0 | D71: =D67 -> 0 | E71: =E67 -> 0 | F71: =F67 -> 0 | G71: =G67 -> 0 | H71: =H67 -> 0 | I71: =I67 -> 0 | ... L71: =L67 -> 0
A72: TOTAL DAS DESPESAS CONSIDERADAS PARA O LIMITE / RCL (%) (V) = (I / IV) | B72: =IF(B70>0,B71/B70*100,0) -> 0 | C72: =IF(C70>0,C71/C70*100,0) -> 0 | D72: =IF(D70>0,D71/D70*100,0) -> 0 | E72: =IF(E70>0,E71/E70*100,0) -> 0 | F72: =IF(F70>0,F71/F70*100,0) -> 0 | G72: =IF(G70>0,G71/G70*100,0) -> 0 | H72: =IF(H70>0,H71/H70*100,0) -> 0 | I72: =IF(I70>0,I71/I70*100,0) -> 0 | ... L72: =IF(L70>0,L71/L70*100,0) -> 0
A73: FONTE: Sistema CECAM, Unidade Responsável: CONTABILIDADE. Emissão: 17/07/2026, às 08:06:31. Assinado Digitalmente no dia 17/07/2026, às 08:06:31.
A79: DR. CUSTÓDIO TAVARES DIAS NETO | D79: MARIA DA PENHA F. DA SILVA | I79: FELIPE ROCHA PAIAO
A80: PREFEITO MUNICIPAL | D80: CONTADORA | I80: CONTADOR

Sheet RREO-Anexo 14
A2: PREFEITURA MUNICIPAL DE INDAIATUBA
A3: Av. Eng. Fabio R. Barnabe, 2800 - Jd. Esplanada II
A4: C.N.P.J. 44.733.608/0001-09
A5: Telefone: (19) 3834-9000
A6: Tabela 14 - Demonstrativo Simplificado do Relatório Resumido da Execução Orçamentária
A8: PREFEITURA MUNICIPAL DE INDAIATUBA
A9: RELATÓRIO RESUMIDO DA EXECUÇÃO ORÇAMENTÁRIA
A10: DEMONSTRATIVO SIMPLIFICADO DO RELATÓRIO RESUMIDO DA EXECUÇÃO ORÇAMENTÁRIA
A11: ORÇAMENTOS FISCAL E DA SEGURIDADE SOCIAL
A12: Período: 3º Bimestre | B12: Mês
A18: RREO - Anexo XVIII (LRF, Art. 48) | B18: Em Reais
A19: BALANÇO ORÇAMENTÁRIO | B19: Até o Mês
A20: RECEITAS
A21: Previsão Inicial | B21: ='RREO-Anexo 01'!B93 -> 2715000000
A22: Previsão Atualizada | B22: ='RREO-Anexo 01'!C93 -> 2.7465046e+09
A23: Receitas Realizadas | B23: ='RREO-Anexo 01'!F93 -> 1.4962085e+09
A24: Déficit Orçamentário | B24: ='RREO-Anexo 01'!F94 -> 0
A25: Saldos de Exercícios Anteriores (Utilizados para Créditos Adicionais) | B25: ='RREO-Anexo 01'!F96 -> 3.4330225e+08
A26: DESPESAS
A27: Dotação Inicial | B27: ='RREO-Anexo 01'!B124 -> 2640698000
A28: Dotação Atualizada | B28: ='RREO-Anexo 01'!C124 -> 3.0155049e+09
A29: Despesas Empenhadas | B29: ='RREO-Anexo 01'!E124 -> 1.7699424e+09
A30: Despesas Liquidadas | B30: ='RREO-Anexo 01'!H124 -> 1.2185867e+09
A31: Despesas Pagas | B31: ='RREO-Anexo 01'!J124 -> 1.050962e+09
A32: Superávit Orçamentário | B32: =IF(A12="Período: 6º Bimestre",'RREO-Anexo 01'!E125,'RREO-Anexo 01'!H125) -> 2.7762176e+08
A40: DESPESAS POR FUNÇÃO/SUBFUNÇÃO | B40: Até o Mês
A41: Despesas Empenhadas | B41: ='RREO-Anexo 02'!E215 -> 1.7699424e+09
A42: Despesas Liquidadas | B42: ='RREO-Anexo 02'!I215 -> 1.2185867e+09
A50: RECEITA CORRENTE LÍQUIDA - RCL | B50: Até o Mês
A51: Receita Corrente Líquida | B51: ='RREO-Anexo 03'!N49 -> 2.4812101e+09
A52: Receita Corrente Líquida Ajustada para Cálculo dos Limites de Endividamento | B52: ='RREO-Anexo 03'!N51 -> 2.4742056e+09
A53: Receita Corrente Líquida Ajustada para Cálculo dos Limites da Despesa com Pessoal | B53: ='RREO-Anexo 03'!N55 -> 2.4691176e+09
A55: RECEITA CORRENTE LÍQUIDA - RCL CONFORME TCE | B55: Até o
A56: Receita Corrente Líquida
A57: Receita Corrente Líquida Ajustada para Cálculo dos Limites de Endividamento
A58: Receita Corrente Líquida Ajustada para Cálculo dos Limites da Despesa com Pessoal
A61: RECEITAS E DESPESAS DOS REGIMES DE PREVIDÊNCIA | B61: Até o Mês
A62: Regime Próprio de Previdência dos Servidores - Plano Previdênciário - Fundo em Capitalização
A63: Receitas Previdenciárias Realizadas | B63: ='RREO-Anexo 04'!C42 -> 1.3618111e+08
A64: Despesas Previdenciárias Empenhadas | B64: ='RREO-Anexo 04'!C57 -> 1.0446068e+08
A65: Despesas Previdenciárias Liquidadas | B65: ='RREO-Anexo 04'!D57 -> 1.0444461e+08
A66: Despesas Previdenciárias Pagas | B66: ='RREO-Anexo 04'!E57 -> 78314339
A67: Resultado Previdenciário | B67: ='RREO-Anexo 04'!D58-'RREO-Anexo 04'!F57 -> 31736504
A68: Regime Próprio de Previdência dos Servidores - Plano Financeiro - Fundo em Repartição
A69: Receitas Previdenciárias Realizadas | B69: ='RREO-Anexo 04'!C129 -> 0
A70: Despesas Previdenciárias Empenhadas | B70: ='RREO-Anexo 04'!C144 -> 0
A71: Despesas Previdenciárias Liquidadas | B71: ='RREO-Anexo 04'!D144 -> 0
A72: Despesas Previdenciárias Pagas | B72: ='RREO-Anexo 04'!E144 -> 0
A73: Resultado Previdenciário | B73: ='RREO-Anexo 04'!D145-'RREO-Anexo 04'!D144 -> 0
B78: Meta Fixada no | C78: Resultado Apurado | D78: % em Relação à Meta
A79: RESULTADOS NOMINAL E PRIMÁRIO | B79: Anexo de Metas | C79: Até o Mês
B80: Fiscais da LDO
B81: (a) | C81: (b) | D81: (b/a)
A82: RESULTADO PRIMÁRIO (SEM RPPS) - Acima da Linha | B82: ='RREO-Anexo 06'!B113 -> -133319000 | C82: ='RREO-Anexo 06'!B104 -> 51365958 | D82: =IF(B82>0,C82/B82,0) -> 0
A83: RESULTADO NOMINAL (SEM RPPS) - Abaixo da Linha | B83: ='RREO-Anexo 06'!B167 -> 0 | C83: ='RREO-Anexo 06'!B158 -> 2.8916605e+08 | D83: =IF(B83>0,C83/B83,0) -> 0
A90: RESTOS A PAGAR A PAGAR POR PODER E MINISTÉRIO PÚBLICO | B90: Inscrição | C90: Cancelamento | D90: Pagamento | E90: Saldo
C91: Até o Mês | D91: Até o Mês | E91: a Pagar
A92: RESTOS A PAGAR PROCESSADOS | B92: =SUM(B93:B94) -> 1.3284265e+08 | C92: =SUM(C93:C94) -> 132.9 | D92: =SUM(D93:D94) -> 1.3284252e+08 | E92: =SUM(E93:E94) -> -8.9407024e-09
A93: Poder Executivo | B93: ='RREO-Anexo 07'!B23+'RREO-Anexo 07'!C23+'RREO-Anexo 07'!B40+'RREO-Anexo 07'!C40 -> 1.3272204e+08 | C93: ='RREO-Anexo 07'!E23+'RREO-Anexo 07'!E40 -> 132.9 | D93: ='RREO-Anexo 07'!D23+'RREO-Anexo 07'!D40 -> 1.327219e+08 | E93: ='RREO-Anexo 07'!F23+'RREO-Anexo 07'!F40 -> -8.9407024e-09
A94: Poder Legislativo | B94: ='RREO-Anexo 07'!B24+'RREO-Anexo 07'!C24+'RREO-Anexo 07'!B41+'RREO-Anexo 07'!C41 -> 120615.22 | C94: ='RREO-Anexo 07'!E24+'RREO-Anexo 07'!E41 -> 0 | D94: ='RREO-Anexo 07'!D24+'RREO-Anexo 07'!D41 -> 120615.22 | E94: ='RREO-Anexo 07'!F24+'RREO-Anexo 07'!F41 -> 0
A95: Poder Judiciário
A96: Ministério Público
A97: Defensoria Pública
A98: RESTOS A PAGAR NÃO-PROCESSADOS | B98: =SUM(B99:B100) -> 1.3814108e+08 | C98: =SUM(C99:C100) -> 9947459.9 | D98: =SUM(D99:D100) -> 1.0628392e+08 | E98: =SUM(E99:E100) -> 21909702
A99: Poder Executivo | B99: ='RREO-Anexo 07'!G23+'RREO-Anexo 07'!H23+'RREO-Anexo 07'!G40+'RREO-Anexo 07'!H40 -> 1.344153e+08 | C99: ='RREO-Anexo 07'!K23+'RREO-Anexo 07'!K40 -> 9318354.9 | D99: ='RREO-Anexo 07'!J23+'RREO-Anexo 07'!J40 -> 1.0460658e+08 | E99: ='RREO-Anexo 07'!L23+'RREO-Anexo 07'!L40 -> 20490367
A100: Poder Legislativo | B100: ='RREO-Anexo 07'!G24+'RREO-Anexo 07'!H24+'RREO-Anexo 07'!G41+'RREO-Anexo 07'!H41 -> 3725778.5 | C100: ='RREO-Anexo 07'!K24+'RREO-Anexo 07'!K41 -> 629105 | D100: ='RREO-Anexo 07'!J24+'RREO-Anexo 07'!J41 -> 1677338.8 | E100: ='RREO-Anexo 07'!L24+'RREO-Anexo 07'!L41 -> 1419334.7
A101: Poder Judiciário
A102: Ministério Público
A103: Defensoria Pública
A104: TOTAL | B104: =B92+B98 -> 2.7098373e+08 | C104: =C92+C98 -> 9947592.8 | D104: =D92+D98 -> 2.3912643e+08 | E104: =E92+E98 -> 21909702
B111: Valor Apurado | C111: Limites Constitucionais Anuais
A112: DESPESAS COM MANUTENÇÃO E DESENVOLVIMENTO DO ENSINO | B112: Até o Bimestre | C112: % Mínimo a | D112: % Aplicado
C113: Aplicar no Exercício | D113: Até o Mês
A114: Mínimo Anual de <18% / 25%> das Receitas de Impostos na Manutenção e Desenvolvimento do Ensino | B114: ='RREO-Anexo 08'!B160 -> 2.1013845e+08 | C114: 25 | D114: ='RREO-Anexo 08'!D160 -> 28.927201
A115: Mínimo Anual de 70% do FUNDEB na Remuneração dos Profissionais da Educação Básica | B115: ='RREO-Anexo 08'!B109 -> 81407634 | C115: 70 | D115: ='RREO-Anexo 08'!E109 -> 87.542846
A116: Percentual de 50% da Complementação da União ao FUNDEB (VAAT) na Educação Infantil | B116: ='RREO-Anexo 08'!B110 -> 0 | C116: 50 | D116: ='RREO-Anexo 08'!E110 -> 0
A117: Mínimo de 15% da Complementação da União ao FUNDEB (VAAT) em Despesas de Capital | B117: ='RREO-Anexo 08'!B111 -> 0 | C117: 15 | D117: ='RREO-Anexo 08'!E111 -> 0
A125: RECEITAS DE OPERAÇÕES DE CRÉDITO E DESPESAS DE CAPITAL | B125: Valor Apurado Até o Bimestre | C125: Saldo não realizado
A126: Receita de Operação de Crédito | B126: ='RREO-Anexo 09'!C20 -> 0 | C126: ='RREO-Anexo 09'!D20 -> 0
A127: Despesa de Capital Líquida | B127: ='RREO-Anexo 09'!C35 -> 0 | C127: ='RREO-Anexo 09'!D35 -> 0
A135: PROJEÇÃO ATUARIAL DOS REGIMES DE PREVIDÊNCIA | B135: Exercício | C135: 10º Exercício | D135: 20º Exercício | E135: 35º Exercício
A136: Plano Previdênciário
A137: Receitas Previdenciárias | B137: ='RREO-Anexo 10 - RPPS'!B21 -> 0 | C137: ='RREO-Anexo 10 - RPPS'!B30 -> 0 | D137: ='RREO-Anexo 10 - RPPS'!B40 -> 0 | E137: ='RREO-Anexo 10 - RPPS'!B55 -> 0
A138: Despesas Previdenciárias | B138: ='RREO-Anexo 10 - RPPS'!C21 -> 0 | C138: ='RREO-Anexo 10 - RPPS'!C30 -> 0 | D138: ='RREO-Anexo 10 - RPPS'!C40 -> 0 | E138: ='RREO-Anexo 10 - RPPS'!C55 -> 0
A139: Resultado Previdenciário | B139: ='RREO-Anexo 10 - RPPS'!D21 -> 0 | C139: ='RREO-Anexo 10 - RPPS'!D30 -> 0 | D139: ='RREO-Anexo 10 - RPPS'!D40 -> 0 | E139: ='RREO-Anexo 10 - RPPS'!D55 -> 0
A140: Plano Financeiro
A141: Receitas Previdenciárias | B141: ='RREO-Anexo 10 - RPPS'!B112 -> 0 | C141: ='RREO-Anexo 10 - RPPS'!B121 -> 0 | D141: ='RREO-Anexo 10 - RPPS'!B131 -> 0 | E141: ='RREO-Anexo 10 - RPPS'!B146 -> 0
A142: Despesas Previdenciárias | B142: ='RREO-Anexo 10 - RPPS'!C112 -> 0 | C142: ='RREO-Anexo 10 - RPPS'!C121 -> 0 | D142: ='RREO-Anexo 10 - RPPS'!C131 -> 0 | E142: ='RREO-Anexo 10 - RPPS'!C146 -> 0
A143: Resultado Previdenciário | B143: ='RREO-Anexo 10 - RPPS'!D112 -> 0 | C143: ='RREO-Anexo 10 - RPPS'!D121 -> 0 | D143: ='RREO-Anexo 10 - RPPS'!D131 -> 0 | E143: ='RREO-Anexo 10 - RPPS'!D146 -> 0
A151: RECEITA DA ALIENAÇÃO DE ATIVOS E APLICAÇÃO DOS RECURSOS | B151: Valor Apurado Até o Bimestre | C151: Saldo a Realizar
A152: Receita de Capital Resultante da Alienação de Ativos | B152: ='RREO-Anexo 11'!C20 -> 0 | C152: ='RREO-Anexo 11'!D20 -> 0
A153: Aplicação dos Recursos da Alienação de Ativos | B153: ='RREO-Anexo 11'!C33 -> 0 | C153: ='RREO-Anexo 11'!H33 -> 0
B160: Valor apurado | C160: Limite Constitucional Anual
A161: DESPESAS COM AÇÕES E SERVIÇOS PÚBLICOS DE SAÚDE | B161: Até o Bimestre | C161: % Mínimo a | D161: % Aplicado
C162: Aplicar no Exercício | D162: Até o Mês
A163: Despesas com Ações e Serviços Públicos de Saúde executadas com recursos de impostos | B163: ='RREO-Anexo 12'!B75 -> 2.6892334e+08 | C163: 15 | D163: ='RREO-Anexo 12'!B80 -> 31.993591
A171: DESPESAS DE CARÁTER CONTINUADO DERIVADAS DE PPP | B171: Valor Apurado no Exercício Corrente
A172: Total das Despesas Consideradas para o Limite / RCL (%) | B172: ='RREO-Anexo 13'!C71 -> 0
A173: FONTE: Sistema CECAM, Unidade Responsável: CONTABILIDADE. Emissão: 17/07/2026, às 08:06:31. Assinado Digitalmente no dia 17/07/2026, às 08:06:31.
A178: DR. CUSTÓDIO TAVARES DIAS NETO | B178: MARIA DA PENHA F. DA SILVA | D178: FELIPE ROCHA PAIAO
...
